 Dungeon Crawl Stone Soup version 0.31-a0-1589-g8f5e8aebd6 (webtiles) character file.

Game seed: 14139082272575989974

1165612 Xavori the Meteorologist (level 27, -12/282 (296) HPs)
             Began as a Djinni Chaos Knight on Jan 4, 2024.
             Was a Favourite Plaything of Xom.
             Killed by a royal mummy's death curse (30 damage)
             ... on level 1 of the Tomb of the Ancients on Jan 5, 2024.
             The game lasted 04:49:30 (101243 turns).

Xavori the Meteorologist (Djinni Chaos Knight)    Turns: 101243, Time: 04:49:31

HP:   -12/282 (296) AC: 42    Str: 19    XL:     27
Gold: 15046         EV: 45    Int: 28    God:    Xom [......] SH: 33 Dex: 30

rFire   + + +        a - +18 lance "Wyrmbane" {slay drac, rPois rF+ rC+ AC+3}
rCold   + + .        i - +5 kite shield {rC+ rF+}
rNeg    + + +        w - +8 faerie dragon scales {rN+ rCorr}
rPois   ∞            V - +1 helmet of Impressiveness {Slay+6}
rElec   +            W - +1 cloak of Starlight {*Dazzle EV+4 Stlth--}
rCorr   +            b - +4 pair of gloves of Limitation {Rampage rC+ Will+}
SInv    +            (boots unavailable)
Will    +++++        j - amulet "Itrokk" {Reflect rElec Str+3 Int+4 SH+5} Stlth
                     R - ring "Yxeups" {*Slow rN+++ Str-2 Int+4 Dex+6 SInv}
HPRegen 1.47/turn    m - ring of Urivaqurgh {Wiz Dex+6 SInv}
MPRegen 0.00/turn

%: slow self (1%), reflection, clarity, rampage, wizardry (x1), infuse magic
(-13 HP)
@: flying, slowed, studying 3 skills, lightly drained, very slow
A: sickness immunity, fire resistance 2, cold vulnerability 1, float, innate
caster, HP casting, extra vitality 1, iridescent scales 3, large bone plates 1,
clarity, clever 1, strong-willed 3, regeneration 1, robust 3, strong 1, wild
magic 2, persistent drain
}: 12/15 runes: decaying, slimy, silver, obsidian, bone, abyssal, demonic,
glowing, magical, fiery, dark, gossamer
a: Renounce Religion


You were on level 1 of the Tomb of the Ancients.
You worshipped Xom.
You were a very special plaything of Xom.
You visited 17 branches of the dungeon, and saw 82 of its levels.
You visited Pandemonium 2 times, and saw 36 of its levels.
You visited the Abyss 2 times.
You visited 1 ziggurat, and saw 11 of its levels.
You also visited: Sewer, Gauntlet, Volcano and Desolation.

You collected 17994 gold pieces.
You spent 2948 gold pieces at shops.

Inventory:

Hand Weapons
 a - the +18 lance "Wyrmbane" (weapon) {slay drac, rPois rF+ rC+ AC+3}
   (You found it on level 4 of the Spider Nest)

   AC+3:      It affects your AC (+3).
   rF+:       It protects you from fire.
   rC+:       It protects you from cold.
   rPois:     It protects you from poison
 X - a +4 double sword of holy wrath
Armour
 b - the +4 pair of gloves of Limitation (worn) {Rampage rC+ Will+}
   (You acquired it in a Gauntlet)

   rC+:       It protects you from cold.
   Will+:     It increases your willpower.
   Rampage:   It bestows one free step when moving towards enemies.
 i - a +5 kite shield of resistance (worn)
 k - the +0 pair of fencer's gloves {Riposte Dex+3}
   (You found it on level 4 of the Spider Nest)

   Riposte:   It allows the wearer to riposte with melee weapons, swiftly
   retaliating against missed or blocked melee attacks.
   Dex+3:     It affects your dexterity (+3).
 n - a +2 cloak of preservation
 w - the +8 faerie dragon scales (worn) {rN+ rCorr}
   (You took it off the Enchantress on level 2 of the Depths)

   rN+:       It protects you from negative energy.
   rCorr:     It protects you from acid and corrosion.
 J - a +2 hat
 V - the +1 helmet of Impressiveness (worn) {Slay+6}
   (You found it on level 1 of the Realm of Zot)

   Slay+6:    It affects your accuracy & damage with ranged weapons and melee
   (+6).
 W - the +1 cloak of Starlight (worn) {*Dazzle EV+4 Stlth--}
   (You acquired it in a Gauntlet)

   *Dazzle:   It may blind those who miss an attack against the wearer in melee
   combat.
   EV+4:      It affects your evasion (+4).
   Stlth--:   It makes you much less stealthy.
Jewellery
 h - a ring of protection from cold
 j - the amulet "Itrokk" (around neck) {Reflect rElec Str+3 Int+4 SH+5}
   (You took it off a deep elf sorcerer on level 3 of the Elven Halls)

   [amulet of reflection]

   Reflect:   It reflects blocked missile attacks.
   Str+3:     It affects your strength (+3).
   Int+4:     It affects your intelligence (+4).
   rElec:     It insulates you from electricity.
   SH+5:      It affects your SH (+5).
 m - the ring of Urivaqurgh (right hand) {Wiz Dex+6 SInv}
   (You found it in a Gauntlet)

   [ring of wizardry]

   Wiz:       It improves your spell success rate.
   Dex+6:     It affects your dexterity (+6).
   SInv:      It lets you see invisible.
 E - the amulet "Pastu" {rF+ Will+ Regen+ Dex+3 SInv}
   (You found it in Pandemonium)

   [amulet of regeneration]

   Dex+3:     It affects your dexterity (+3).
   rF+:       It protects you from fire.
   Will+:     It increases your willpower.
   SInv:      It lets you see invisible.
   Regen+:    It increases your rate of health regeneration.
 O - the amulet of Yhuicid {rElec rPois Regen+}
   (You found it on level 7 of Gehenna)

   [amulet of regeneration]

   rElec:     It insulates you from electricity.
   rPois:     It protects you from poison Regen+: It increases your rate of
   health regeneration.
 R - the ring "Yxeups" (left hand) {*Slow rN+++ Str-2 Int+4 Dex+6 SInv}
   (You found it on level 3 of the Elven Halls)

   [ring of dexterity]

   Str-2:     It affects your strength (-2).
   Int+4:     It affects your intelligence (+4).
   Dex+6:     It affects your dexterity (+6).
   rN+++:     It renders you almost immune to negative energy.
   SInv:      It lets you see invisible.
   *Slow:     It may slow you when you take damage.
 Y - the ring "Qegib" {Wiz *Corrode rF+++ Dex+5}
   (You took it off an imperial myrmidon in the Desolation of Salt)

   [ring of wizardry]

   Wiz:       It improves your spell success rate.
   Dex+5:     It affects your dexterity (+5).
   rF+++:     It renders you almost immune to fire.
   *Corrode:  It may corrode you when you take damage.
Talismans
 F - the granite talisman "Qodeez" {rCorr Int+4}
   (You found it on level 3 of the Crypt)

   [granite talisman]

   Int+4:     It affects your intelligence (+4).
   rCorr:     It protects you from acid and corrosion.
Wands
 f - a wand of quicksilver (46)
 r - a wand of mindburst (35)
 s - a wand of roots (127)
 u - a wand of flame (228)
 A - a wand of polymorph (30)
 Q - a wand of charming (21)
 T - a wand of digging (2)
Scrolls
 c - a scroll of butterflies
 d - 11 scrolls of teleportation
 e - 18 scrolls of fog
 l - 3 scrolls of revelation
 x - 4 scrolls of brand weapon
 y - 7 scrolls of summoning
 C - 8 scrolls of poison
 G - 14 scrolls of fear
 N - 8 scrolls of silence
 P - 4 scrolls of blinking
 S - 12 scrolls of immolation
 Z - 8 scrolls of enchant armour
Potions
 g - 38 potions of curing
 p - 3 potions of might
 q - 3 potions of berserk rage
 t - 4 potions of haste
 z - 8 potions of ambrosia
 B - 6 potions of invisibility
 D - 12 potions of mutation
 H - a potion of heal wounds
 I - 18 potions of brilliance
 K - 3 potions of cancellation
 L - 8 potions of enlightenment
 M - 15 potions of resistance
Miscellaneous
 o - a condenser vane
 v - a sack of spiders
 U - a phantom mirror


   Skills:
 O Level 27 Fighting
 - Level 15.0 Long Blades
 * Level 20.2 Polearms
 + Level 26.5 Armour
 + Level 26.5 Dodging
 + Level 22.1 Shields
 * Level 23.5 Spellcasting
 * Level 23.5 Conjurations
 * Level 23.5 Hexes
   Level 0.0 Charms
 O Level 27 Summonings
 * Level 23.5 Necromancy
 * Level 23.5 Translocations
   Level 0.0 Transmutations
 * Level 23.5 Fire Magic
 * Level 23.5 Ice Magic
 O Level 27 Air Magic
 * Level 23.5 Earth Magic
 * Level 23.5 Alchemy
 - Level 9.3 Evocations
 - Level 13.9 Shapeshifting


You knew the following spells:

 Your Spells              Type           Power      Damage    Failure   Level
a - Sandblast             Erth           100%       2d20      1%          1
b - Searing Ray           Conj           100%       2d8       1%          2
c - Sigil of Binding      Hex            100%       N/A       1%          3
d - Fugue of the Fallen   Necr           100%       N/A       1%          3
e - Airstrike             Air            69%        2d(10-26) 1%          4
f - Borgnjor's Vile Clut  Necr/Erth      66%        N/A       1%          5
g - Death Channel         Necr           66%        N/A       1%          6
h - Summon Hydra          Summ           69%        N/A       1%          7
i - Bombard               Conj/Erth      66%        9d11      1%          6
j - Haunt                 Necr/Summ      67%        N/A       1%          7
k - Summon Horrible Thin  Summ           69%        N/A       1%          8
l - Discord               Hex            66%        N/A       1%          8
m - Death's Door          Necr           66%        N/A       8%          9
Your spell library was empty.

Dungeon Overview and Level Annotations

Branches:
Dungeon (15/15)            Temple (0/1) D:4            Lair (5/5) D:9
  Swamp (4/4) Lair:3       Spider (4/4) Lair:3        Slime (5/5) Lair:5
    Orc (2/2) D:9             Elf (3/3) Orc:2        Vaults (5/5) D:13
  Crypt (3/3) Vaults:3       Tomb (2/3) Crypt:3      Depths (4/4) D:15
   Hell (visited)             Geh (7/7) Hell            Coc (6/7) Hell
    Tar (7/7) Hell            Zot (5/5) Depths:4      Sewer (visited)
Volcano (visited)         Desolation (visited)      Gauntlet (visited)
    Dis: Hell:1

Altars:
Ashenzari
Dithmenos
Fedhas
Hepliaklqana
Makhleb
Nemelex Xobeh
Okawaru
Trog
Wu Jian
Xom
Yredelemnul
Jiyva

Shops:
D:5 *   D:11 [   D:15 [   Orc:2 [!=(   Elf:2 [   Elf:3 !   Vaults:1 ?
Vaults:3 [   Depths:2 !   Depths:4 =::

Portals:
Hell: Depths:1 Depths:2* Depths:3 Depths:4
Abyss: Depths:2 Depths:3
Pandemonium: Depths:2 Depths:3 Depths:4

Annotations:
Crypt:1 2 transporters, Neghedd's ghost, veteran GrEE
Depths:3 1 runed translucent door


Innate Abilities, Weirdness & Mutations

You are immune to sickness and miasma.
You are immune to poison.
Your flesh is very heat resistant. (rF++)
You are vulnerable to cold. (rC-)
You float through the air rather than walking.
You learn spells naturally, not from books.
Your magical power is your life essence.
You have superior vitality. (+4 MHP)
You are completely covered in iridescent scales. (AC +6)
You are partially covered in large bone plates. (SH +4)
You possess an exceptional clarity of mind.
Your mind is acute. (Int +4, Str/Dex -1)
You are extremely strong-willed. (Will+++)
Your natural rate of healing is unusually fast.
You are extremely robust. (+30% HP)
Your muscles are strong. (Str +4, Int/Dex -1)
Your spells are harder to cast, but more powerful.
Your health recovers twice as slowly from being drained.


Message History

The iron shot hits the royal mummy!!
You destroy the royal mummy!
* * * LOW HITPOINT WARNING * * *
You feel extremely nervous for a moment...
You feel horribly lethargic.
You feel yourself slow down. You block the death scarab's attack. x2
The emperor scorpion completely misses your wraith.
The emperor scorpion closely misses your wraith.
The emperor scorpion claws your wraith.
Your wraith barely misses the emperor scorpion.
Your wraith hits the royal mummy.
Unknown command.
Unknown command.
You feel better. You block the death scarab's attack.
The death scarab completely misses you.
The emperor scorpion stings your wraith!!
The emperor scorpion claws your wraith!
The emperor scorpion claws your wraith but does no damage.
The royal mummy hits your wraith.
Your wraith hits the royal mummy but does no damage.
The emperor scorpion stings your wraith but does no damage.
The emperor scorpion claws your wraith but does no damage.
The emperor scorpion claws your wraith.
Your wraith is destroyed!
Your wraith disappears in a puff of smoke!
Casting: Bombard (mildly dangerous; 1% risk of failure)
Confirm with . or Enter, or press ? or * to list all spells.
Aiming: Bombard (mildly dangerous; 1% risk of failure)
Press: ? - help, Shift-Dir - straight line, f - royal mummy
Aim: a royal mummy (severely damaged, slow, ally target, 91% to hit)
The iron shot hits the royal mummy!!!
You destroy the royal mummy!
The death scarab disappears in a puff of smoke! x5
The emperor scorpion disappears in a puff of smoke!
The blast sends you backwards.
* * * LOW HITPOINT WARNING * * *
You feel extremely nervous for a moment...
Pain shoots through your body!!
You die...
Xom giggles madly!

#.........%###########* *
#..........##...§..... , , ,,
#..........##§§.§..... ,
#..........##§§###############
#..........##.§#>...#..#......
#..........##.W#....#..#......
#^.........##.§#....#..#......
#..........##..#....#..#......
#..........##@.##')##..#......
#..........##..#.^..#..#..#...
#..........##..#....#..#..#...
#..........##..#8...#..#..#^.8
#..........##.^#.......#..#...
#..........##..#.......#..#...
#..........##..#.......#..#..8
#..........##..#8...#..#..#...
#..........##..#....#..#..#...


You could see a friendly wraith (summoned, confused, slow).

Vanquished Creatures
  Cerebov (Pan)
  the Royal Jelly (Slime:5)
  Asmodeus (Geh:7)
  Dissolution (Slime:2)
  Gloorx Vloq (Pan)
  Ereshkigal (Tar:7)
  Lom Lobon (Pan)
  6 dread liches
  Frederick (Depths:3)
  3 ancient liches
  Mara (Vaults:5)
  4 juggernauts
  Sojobo (Crypt:3)
  10 royal mummies
  Boris (thrice) (Vaults:5 Depths:3 Tomb:1)
  8 shard shrikes
  2 Killer Klowns (Zot:2)
  Geryon (Hell)
  Jory (Crypt:3)
  8 caustic shrikes
  Norris (Depths:1)
  10 golden dragons
  6 profane servitors
  3 pandemonium lords (Pan)
  16 bone dragons
  6 doom hounds
  An iron giant (Pan)
  2 spectral shard shrikes (Tar:4)
  27 Tzitzimimeh
  13 Brimstone Fiends
  2 electric golems
  8 Hell Sentinels
  25 tentacled monstrosities
  8 Orb Guardians (Zot:5)
  9 Ice Fiends
  10 tainted leviathans
  Asterion (Vaults:1)
  7 hellephants
  7 liches
  2 deep elf blademasters (Elf:3)
  Grunn (Crypt:3)
  2 deep elf master archers
  18 searing wretches
  A walking divine tome (Depths:3)
  8 titans
  7 quicksilver dragons
  14 tentacled starspawn
  13 acid blobs
  An eldritch tentacle (Pan)
  10 death cobs
  Murray (Hell)
  13 ancient champions
  37 Executioners
  15 sphinxes
  Kirke (D:14)
  15 storm dragons
  19 shadow dragons
  4 revenants
  A nagaraja (Zig:7)
  8 azure jellies
  7 tengu reavers
  5 rockslimes
  12 protean progenitors
  8 draconian monks
  2 narguns (Coc:2)
  A fenstrider witch (Lair:4)
  9 draconian knights
  20 fire giants
  10 vault wardens
  3 draconian shifters
  15 demonspawn warmongers (Pan)
  4 shard shrike simulacra
  An emperor scorpion (Spider:3)
  A quicksilver elemental (Dis:1)
  57 balrugs
  2 caustic shrike zombies
  7 frost giants
  5 imperial myrmidons (Desolation)
  8 draconian scorchers
  Louise (Elf:1)
  6 iron dragons
  4 ghost moths
  10 deep elf elementalists
  An angel (Pan)
  5 curse skulls
  9 deep elf sorcerers
  19 cacodemons
  A spectral juggernaut (Tar:4)
  The ghost of Qowilec the Blocker, an adept VSFi of Qazlal (Depths:1)
  6 draconian annihilators
  5 orc warlords
  5 formless jellyfish
  36 reapers
  2 draconian stormcallers
  4 spriggan defenders
  12 demonspawn blood saints (Pan)
  8 demonspawn corrupters (Pan)
  A broodmother (Spider:3)
  18 stone giants
  8 juggernaut skeletons
  14 ghouls
  12 quicksilver oozes
  A starflower (Abyss:3)
  30 very ugly things
  19 ironbound preservers
  Nessos (D:13)
  6 ironbound thunderhulks
  4 eleionomae
  A caustic shrike skeleton (Pan)
  17 green draconians
  A rockslime zombie (Crypt:1)
  15 demonspawn black suns (Pan)
  2 spectral titans (Tar:1)
  25 vampire knights
  9 elemental wellsprings
  2 bennus (Tomb:1)
  A halazid warlock (Desolation)
  11 deep elf demonologists
  16 lorocyprocas
  13 wendigos
  4 deep elf death magi
  18 purple draconians
  4 white draconians
  13 deep elf annihilators
  9 black draconians
  6 dire elephants
  36 putrid mouths
  9 war gargoyles
  2 minotaurs
  5 bunyips
  15 yellow draconians
  12 red draconians
  11 spark wasps
  19 blizzard demons
  4 iron golems
  8 eidola
  A spark wasp (shapeshifter) (Pan)
  A crystal guardian (Desolation)
  A spectral quicksilver dragon (Depths:1)
  7 mummy priests
  8 fire dragons
  15 jiangshi
  Josephine (D:14)
  14 green deaths (Pan)
  A quicksilver dragon zombie (Crypt:3)
  A spectral iron giant (Tar:2)
  7 deep elf high priests
  A merfolk javelineer (Zig:10)
  3 entropy weavers
  10 ettins
  A spectral fenstrider witch (Tar:2)
  29 vault guards
  15 yaktaur captains
  An ice dragon (shapeshifter) (D:13)
  5 spectral spriggans
  11 salamander tyrants
  A quicksilver dragon skeleton (Crypt:3)
  A kraken zombie (Hell)
  5 juggernaut simulacra
  10 peacekeepers
  2 nameless horrors
  10 great orbs of eyes
  3 spriggan zombies
  8 servants of whispers (Desolation)
  10 ragged hierophants (Desolation)
  A ghost crab (Swamp:3)
  5 rakshasas
  13 ice dragons
  3 ogre magi
  10 caustic shrike simulacra
  19 hydras
  Erolcha (Orc:1)
  A spectral shadow dragon (Depths:1)
  3 catoblepae
  11 hell beasts (Pan)
  2 merfolk aquamancers (Pan)
  4 jorogumos
  2 radroaches
  A spectral stone giant (Tar:3)
  12 centaur warriors
  A spectral frost giant (Depths:3)
  3 sphinx skeletons
  10 stokers
  12 ironbound frosthearts
  A satyr (Zig:10)
  25 dancing weapons
  5 spriggan air magi
  12 two-headed ogres
  5 death scarabs
  An anaconda (shapeshifter) (Vaults:5)
  6 death yaks (Lair:4)
  4 deep troll shamans
  16 boulder beetles
  4 naga warriors
  4 spectral nagas
  10 alligators
  2 tengu warriors (Depths:2)
  An Orb Guardian skeleton (Crypt:2)
  5 spriggan berserkers
  A spectral emperor scorpion (Tar:1)
  10 vampire magi
  12 demonic crawlers
  35 hell hogs
  A naga sharpshooter (Zig:7)
  5 orc high priests (Orc:2)
  6 deep troll earth magi
  16 thrashing horrors
  74 sun demons
  20 hell knights
  2 shock serpents (Pan)
  3 occultists
  2 spectral dire elephants (Tar:1)
  9 wretched stars
  2 crystal echidnas
  2 iron trolls (Depths:1)
  33 soul eaters
  28 deep elf knights
  A cyclops (shapeshifter) (Vaults:5)
  2 fire crabs (Abyss:3)
  5 hellephant skeletons (Pan)
  7 pharaoh ants
  A storm dragon skeleton (D:15)
  4 goliath frogs
  36 skeletal warriors
  A spectral bunyip (Tar:2)
  36 sixfirhies
  3 skysharks
  2 spark wasp zombies
  44 deep trolls
  21 shadow wraiths
  2 quicksilver dragon simulacra
  A spatial maelstrom (Abyss:3)
  18 shadow demons (Pan)
  6 glowing orange brains
  67 large abominations
  3 spriggan druids
  3 golden dragon zombies
  A swamp dragon (shapeshifter) (Vaults:5)
  10 sun moths
  7 orb spiders
  9 arcanists
  5 bog bodies
  3 flayed ghosts
  2 tengu zombies (Depths:3)
  18 ironbound convokers
  3 spriggan simulacra
  2 swamp dragons
  15 deep elf archers
  A lindwurm (shapeshifter) (Depths:2)
  11 lindwurms
  2 spectral iron dragons (Depths:1)
  A shadow dragon zombie (Crypt:1)
  35 deep elf pyromancers
  2 orange crystal statues (Abyss:4)
  9 harpies
  23 phantasmal warriors
  21 orc knights
  An iron giant skeleton (Tomb:1)
  9 necromancers
  6 oklob plants (Lair:5)
  9 steelbarb worms
  A harpy (shapeshifter) (D:14)
  4 will-o-the-wisps
  2 spectral ettins
  35 deep elf zephyrmancers
  A fire giant zombie (Depths:3)
  A shining eye (shapeshifter) (Depths:4)
  6 salamanders
  A stone giant zombie (Crypt:1)
  26 ugly things
  16 wolf spiders
  4 alligator skeletons
  An iron dragon zombie (Depths:1)
  27 moths of wrath
  A cyclops (D:13)
  6 manticores
  A frost giant zombie (Crypt:3)
  3 shining eyes
  A faun (Vaults:3)
  3 orc sorcerers
  4 worldbinders
  A spectral centaur (Tar:1)
  A frost giant skeleton (Depths:2)
  2 centaur zombies (Crypt:3)
  A meliai (shapeshifter) (Abyss:2)
  4 elephants (Lair:5)
  10 rust devils
  2 stone giant skeletons
  3 apocalypse crabs
  A formless jellyfish zombie (Crypt:1)
  3 guardian serpents
  2 kobold blastminers (Orc:2)
  An ice statue (Abyss:3)
  4 meliai
  A guardian serpent (shapeshifter) (Depths:3)
  4 titan simulacra
  14 black mambas
  51 smoke demons
  A naga mage (Zig:7)
  3 gargoyles
  An alligator snapping turtle zombie (Tomb:2)
  4 eyes of devastation
  14 cane toads
  A centaur skeleton (Tomb:2)
  17 molten gargoyles
  2 storm dragon simulacra
  4 torpor snails
  20 vault sentinels
  A cane toad (shapeshifter) (D:14)
  25 orange demons
  A naga skeleton (Crypt:1)
  A komodo dragon (shapeshifter) (Vaults:5)
  6 unseen horrors
  27 hellions
  6 komodo dragons
  23 yaktaurs
  A black draconian zombie (Crypt:2)
  Maggie (D:6)
  A minotaur zombie (Abyss:3)
  12 efreet
  10 freezing wraiths
  11 ancient zymes
  A sea snake zombie (Hell)
  A bunyip simulacrum (Coc:2)
  21 tormentors
  2 rime drakes
  17 guardian mummies
  4 ice devils
  8 anaconda simulacra
  An alligator snapping turtle skeleton (Crypt:1)
  4 harpy zombies
  4 tengu conjurers
  2 red devils (Pan)
  A sea snake skeleton (Hell)
  3 spectral glowing shapeshifters (Depths:1)
  6 polar bears
  An iron troll skeleton (Crypt:1)
  A troll (Orc:2)
  5 spectral harpies
  9 tyrant leeches
  28 tarantellas
  13 hornets
  A shadow dragon simulacrum (Depths:1)
  20 hellwings (Pan)
  A wind drake (Zot:3)
  66 saltlings (Desolation)
  Prince Ribbit (D:5)
  7 blink frogs
  A snapping turtle (shapeshifter) (Vaults:2)
  12 glass eyes
  A tarantella zombie (Crypt:2)
  2 iron dragon simulacra
  2 hydra skeletons
  A harpy skeleton (Crypt:1)
  4 dream sheep (Lair:5)
  16 raiju
  A human simulacrum (Coc:1)
  2 ettin zombies (Crypt:3)
  17 jumping spiders
  A stone giant simulacrum (Coc:1)
  A black mamba zombie (Crypt:1)
  3 shadows
  A jumping spider (shapeshifter) (Elf:1)
  A centaur simulacrum (Coc:1)
  17 spriggans
  6 air elementals
  40 slime creatures
  15 yaks
  Sigmund (D:2)
  12 ushabtiu
  27 ynoxinuls
  2 yaks (shapeshifter) (Abyss:3)
  7 dire elephant simulacra
  8 water elementals
  19 wraiths
  7 wyverns
  A naga simulacrum (Coc:5)
  A spriggan skeleton (D:15)
  Eustachio (D:4)
  An alligator snapping turtle simulacrum (Coc:3)
  17 culicivoras
  8 fire bats
  6 fire elementals
  2 wyverns (shapeshifter)
  6 basilisks
  5 wargs
  2 hogs (D:14)
  9 golden eyes
  4 swamp worm simulacra (Swamp:4)
  19 humans (D:13)
  14 neqoxecs
  A human (shapeshifter) (Spider:4)
  35 redbacks
  4 steam dragons
  2 vampire mosquitoes (Swamp:3)
  17 chaos spawn
  13 swamp worms
  2 nagas
  12 harpy simulacra
  2 naga zombies (Crypt:3)
  An acid dragon (D:14)
  16 hell hounds
  14 hydra simulacra
  7 water moccasins
  Duvessa (D:4)
  A glowing shapeshifter skeleton (Depths:3)
  A swamp drake (Zig:8)
  A sky beast (D:7)
  A human skeleton (Depths:2)
  43 laughing skulls
  2 ice beasts
  29 orc warriors
  2 ettin simulacra
  9 black bears
  A deep troll skeleton (Crypt:3)
  A crocodile (Sewer)
  15 small abominations
  16 centaurs
  7 wolves
  13 ogres
  2 phantoms
  A dream sheep skeleton (Crypt:2)
  2 weeping skulls (Abyss:4)
  4 kobold brigands
  A salamander zombie (Crypt:1)
  A brain worm (shapeshifter) (Abyss:4)
  5 bullfrogs
  A brain worm (Abyss:3)
  A bullfrog (shapeshifter) (D:6)
  6 necrophages
  2 scorpions
  4 earth elementals
  6 wights
  Dowan (D:4)
  5 killer bees (D:7)
  4 howler monkeys
  A troll skeleton (Crypt:3)
  9 electric eels
  A crimson imp (Abyss:3)
  2 bombardier beetles
  12 lava snakes
  2 hounds (D:6)
  4 jellies
  2 gnoll boudas
  27 orc priests
  18 starcursed masses
  4 iron imps
  2 sleepcaps
  Ijyb (D:3)
  Terence (D:3)
  A basilisk skeleton (Crypt:2)
  7 iguanas
  A boggart zombie (Crypt:3)
  12 orc wizards
  A deep dwarf zombie (Crypt:1)
  27 mummies
  7 adders
  11 gnolls
  A swamp drake skeleton (Crypt:3)
  4 shadow imps
  5 white imps
  4 ufetubi
  4 swamp drake simulacra (Swamp:4)
  5 dart slugs
  69 orcs
  9 ball pythons
  4 bats
  4 endoplasms
  3 giant cockroaches
  8 goblins
  11 hobgoblins
  9 jackals
  25 kobolds
  11 quokkas
  3 frilled lizards
  A goblin zombie (Crypt:2)
  4 rats
  A spectral hobgoblin (D:13)
  2 aspiring fleshes (Pan)
  6 creeping infernos
  15 fire vortices
  A lurking horror (Pan)
  8 starspawn tentacles
  2 tentacles (Hell)
3930 creatures vanquished.

Vanquished Creatures (collateral kills)
  Mnoleg (Pan)
  An ancient lich (Coc:3)
  Mennas (Pan)
  6 royal mummies
  3 pandemonium lords (Pan)
  A golden dragon (Zot:3)
  4 profane servitors
  2 bone dragons
  the Enchantress (Depths:2)
  A Tzitzimitl (Tar:7)
  An iron giant (Dis:1)
  3 Brimstone Fiends
  3 tentacled monstrosities
  2 Ice Fiends
  A spectral shard shrike (Tar:2)
  7 tainted leviathans
  2 titans
  A tentacled starspawn (Zig:6)
  An Executioner (Pan)
  A deep elf master archer (Zig:10)
  2 sphinxes (Tomb:1)
  An eldritch tentacle (Pan)
  A tengu reaver (Zig:2)
  2 fenstrider witches (Zig:8)
  5 nagarajas (Zig:9)
  A nargun (Coc:1)
  A draconian knight (Zot:1)
  A demonspawn warmonger (Pan)
  A vault warden (Zig:2)
  A balrug (Geh:7)
  A quicksilver elemental (Dis:4)
  A spriggan defender (Depths:2)
  A reaper (Pan)
  5 cacodemons
  A demonspawn corrupter (Pan)
  A ghoul (Swamp:3)
  2 demonspawn blood saints (Pan)
  An eleionoma (Zig:8)
  A vampire knight (Depths:4)
  2 red draconians (Zot:5)
  2 putrid mouths (Tar:7)
  A deep elf annihilator (Zig:3)
  A war gargoyle (Dis:2)
  2 purple draconians
  An iron golem (Dis:3)
  A spectral quicksilver dragon (Tar:3)
  A green death (Zig:6)
  A blizzard demon (Pan)
  A merfolk javelineer (Zig:10)
  4 mummy priests
  A shambling mangrove (Zig:8)
  An entropy weaver (Spider:3)
  A spriggan zombie (Tomb:2)
  A vault guard (Vaults:4)
  A yaktaur captain (Zig:10)
  A salamander tyrant (Zig:9)
  An alligator (Pan)
  A two-headed ogre (D:8)
  A centaur warrior (Zig:10)
  A satyr (Zig:10)
  3 naga warriors
  An anaconda (Zig:9)
  5 death scarabs (Tomb:1)
  2 naga sharpshooters
  2 thrashing horrors (Abyss:4)
  2 soul eaters (Pan)
  5 sixfirhies (Pan)
  4 shadow wraiths (Tar:7)
  A large abomination (Abyss:4)
  3 shadow demons (Pan)
  A swamp dragon (Abyss:3)
  2 steelbarb worms (Spider:4)
  A harpy (shapeshifter) (Depths:4)
  2 deep elf zephyrmancers
  An ironbound convoker (Vaults:1)
  A shining eye (Zig:5)
  A spectral alligator snapping turtle (Tar:3)
  5 ugly things
  2 wolf spiders (Pan)
  A will-o-the-wisp (Zig:8)
  2 fauns (Zig:10)
  A moth of wrath (Zot:5)
  3 kobold blastminers (Zig:10)
  2 eyes of devastation
  4 smoke demons
  3 cane toads (Lair:3)
  2 orange demons (Pan)
  An anaconda simulacrum (Coc:1)
  A nameless horror (Geh:7)
  A kobold demonologist (D:9)
  3 hellions
  A yaktaur (Zig:10)
  3 tormentors
  5 guardian mummies
  A shadow dragon simulacrum (Coc:1)
  A hornet (Zig:8)
  A tyrant leech (Lair:3)
  A blink frog (Lair:3)
  A raiju (Abyss:3)
  3 yaks
  2 naga simulacra (Coc:1)
  An ushabti (Tomb:2)
  6 ynoxinuls (Pan)
  10 neqoxecs
  2 redbacks
  3 nagas
  3 chaos spawn (Pan)
  An acid dragon (D:9)
  2 hydra simulacra (Swamp:4)
  An orc warrior (D:9)
  A swamp drake (D:9)
  An ettin simulacrum (Coc:3)
  A laughing skull (Abyss:4)
  3 centaurs
  A weeping skull (Abyss:4)
  2 brain worms
  A gnoll sergeant (D:9)
  A bullfrog (Lair:3)
  A gnoll bouda (D:9)
  2 orc priests (Orc:2)
  3 starcursed masses
  An orc wizard (D:9)
  4 mummies
  5 gnolls
  A shadow imp (Gauntlet)
  A white imp (Gauntlet)
  10 orcs
255 creatures vanquished.

Vanquished Creatures (others)
  A royal mummy (Tomb:2)
  3 eldritch tentacles
  A nagaraja (Pan)
  A draconian knight (Depths:4)
  2 fire giants
  A draconian scorcher (Zot:3)
  2 shard shrike simulacra
  A demonspawn corrupter (Pan)
  A stone giant (Zig:10)
  An ironbound preserver (Vaults:4)
  A very ugly thing (Depths:3)
  A deep elf death mage (Crypt:3)
  2 putrid mouths (Tar:7)
  2 bennus (Tomb:2)
  A deep elf demonologist (Elf:3)
  A dire elephant (Vaults:4)
  A lorocyproca (Pan)
  A bunyip (Swamp:4)
  2 green deaths (Pan)
  A deep elf high priest (Elf:3)
  A yaktaur captain (Zig:10)
  2 caustic shrike simulacra
  An alligator (Pan)
  A salamander tyrant (Geh:7)
  A juggernaut simulacrum (Coc:5)
  7 dancing weapons
  A merfolk aquamancer (Pan)
  2 death scarabs (Tomb:1)
  A deep troll earth mage (Depths:3)
  A spriggan (Swamp:2)
  A vampire mage (Zig:11)
  2 sun demons (Pan)
  A deep elf knight (Elf:2)
  A soul eater (Pan)
  A deep troll (Depths:4)
  3 shadow wraiths (Tar:7)
  A swamp dragon (Zig:8)
  A sun moth (Pan)
  A shadow demon (Pan)
  A fenstrider witch simulacrum (Coc:1)
  A deep elf archer (Vaults:5)
  A will-o-the-wisp (Swamp:3)
  A naga mage (Zig:9)
  A guardian serpent (shapeshifter) (Vaults:4)
  2 guardian serpents
  3 smoke demons (Pan)
  A hellion (Coc:2)
  6 tormentors
  A bunyip simulacrum (Coc:1)
  A golden dragon simulacrum (Coc:1)
  A guardian mummy (Tomb:2)
  An ancient zyme (Zig:6)
  A hellwing (Pan)
  2 iron giant simulacra
  A tyrant leech (Swamp:3)
  A troll (Vaults:4)
  A tengu simulacrum (Coc:1)
  2 hornets (Swamp:2)
  A saltling (Desolation)
  A centaur simulacrum (Coc:2)
  A small abomination (Abyss:4)
  A naga simulacrum (Coc:6)
  A wraith (Zig:6)
  5 ynoxinuls (Pan)
  2 dire elephant simulacra
  2 neqoxecs (Pan)
  A human (D:14)
  A harpy simulacrum (Coc:3)
  A swamp worm (Swamp:4)
  2 hydra simulacra
  An orc warrior (Vaults:5)
  A laughing skull (Abyss:4)
  2 ettin simulacra
  A killer bee (D:7)
  An orc priest (Vaults:5)
  3 mummies (Tomb:2)
  2 orcs
  A kobold (D:1)
  17 ball lightnings (Pan)
  4 creeping infernos
  A fire vortex (Geh:3)
  12 foxfires
  A lurking horror (Abyss:4)
  31 starspawn tentacles
  4 tentacles (Hell)
187 creatures vanquished.

Grand Total: 4372 creatures vanquished

Notes
Turn   | Place    | Note
-------+----------+-------------------------------------------
     0 | D:1      | Xavori the Djinni Chaos Knight began the quest for the Orb.
     0 | D:1      | Reached XP level 1. HP: 20/20 MP: 0/0
    58 | D:1      | XOM: potion effect (might)
    65 | D:1      | Reached XP level 2. HP: 19/25 MP: 0/0
   508 | D:1      | XOM: destruction
   534 | D:1      | Reached XP level 3. HP: 30/30 MP: 0/0
   534 | D:1      | Learned a level 1 spell: Sandblast
   620 | D:1      | XOM: confuse monster(s)
   639 | D:1      | XOM: enchant monster (good)
  1072 | D:1      | XOM: scenery: create altars
  1300 | D:1      | XOM: cloud trail
  1393 | D:1      | XOM: give mutations
  1393 | D:1      | Gained mutation: Your muscles are strong. (Str +4, Int/Dex
                  | -1) [Xom's grace]
  1393 | D:1      | Gained mutation: You possess an exceptional clarity of
                  | mind. [Xom's grace]
  1393 | D:1      | Gained mutation: Your natural rate of healing is unusually
                  | fast. [Xom's grace]
  1692 | D:1      | XOM: silly message
  2078 | D:1      | XOM: smoke on damage
  2078 | D:1      | XOM: torment (16/30 hp)
  2262 | D:1      | XOM: summons 2 hostile demons
  2331 | D:2      | XOM: give mutations
  2331 | D:2      | Gained mutation: You have a pair of small horns on your
                  | head. [Xom's mischief]
  2617 | D:1      | XOM: give mutation
  2617 | D:1      | Gained mutation: You have a pair of horns on your head.
                  | [Xom's mischief]
  2836 | D:1      | XOM: give mutations
  2836 | D:1      | Lost mutation: Your muscles are strong. (Str +4, Int/Dex
                  | -1) [Xom's mischief]
  2836 | D:1      | Lost mutation: You have a pair of horns on your head.
                  | [Xom's mischief]
  2934 | D:1      | XOM: summons 1 hostile demon
  2935 | D:1      | Noticed an orange demon
  2941 | D:2      | XOM: summons 3 hostile shadow creatures
  3168 | D:1      | XOM: summons 1 hostile shadow creature
  4241 | D:1      | XOM: noise
  4298 | D:1      | XOM: give mutations
  4298 | D:1      | Gained mutation: You have a pair of horns on your head.
                  | [Xom's mischief]
  4298 | D:1      | Gained mutation: You are dopey. (Int -2) [Xom's mischief]
  4298 | D:1      | Lost mutation: You possess an exceptional clarity of mind.
                  | [Xom's mischief]
  4298 | D:1      | Gained mutation: You are very dopey. (Int -4) [Xom's
                  | mischief]
  4476 | D:1      | XOM: give mutation
  4476 | D:1      | Lost mutation: You are very dopey. (Int -4) [Xom's
                  | mischief]
  4573 | D:1      | XOM: silly message
  4593 | D:1      | XOM: noise
  4910 | D:1      | XOM: summons 2 hostile demons
  5446 | D:1      | XOM: summons 1 hostile demon
  5731 | D:1      | XOM: stat loss: -1 Dex (12/14)
  5861 | D:1      | XOM: draining
  5960 | D:1      | XOM: silly message
  6057 | D:1      | XOM: draining
  6930 | D:1      | XOM: stat loss: -1 Str (10/11)
  7521 | D:1      | XOM: silly message
  8107 | D:1      | XOM is BORED!
  8107 | D:1      | XOM: noise
  8394 | D:1      | XOM: divination: magic mapping
  8533 | D:1      | XOM: noise
  9496 | D:1      | XOM is BORED!
  9865 | D:2      | Reached XP level 4. HP: 24/26 MP: 0/0
  9906 | D:2      | XOM: noise
  9937 | D:2      | Noticed Sigmund
  9940 | D:2      | XOM: swap monsters
  9946 | D:2      | Killed Sigmund
  9947 | D:2      | Reached skill level 1 in Spellcasting
  9947 | D:2      | Reached skill level 1 in Conjurations
  9947 | D:2      | Reached skill level 1 in Hexes
  9947 | D:2      | Reached skill level 1 in Summonings
  9947 | D:2      | Reached skill level 1 in Necromancy
  9947 | D:2      | Reached skill level 1 in Translocations
  9947 | D:2      | Reached skill level 1 in Fire Magic
  9947 | D:2      | Reached skill level 1 in Ice Magic
  9947 | D:2      | Reached skill level 1 in Air Magic
  9947 | D:2      | Reached skill level 1 in Earth Magic
  9947 | D:2      | Reached skill level 1 in Alchemy
  9947 | D:2      | Reached XP level 5. HP: 30/41 MP: 0/0
  9947 | D:2      | Learned a level 2 spell: Searing Ray
  9947 | D:2      | Reached XP level 6. HP: 35/47 MP: 0/0
  9992 | D:2      | XOM: silly message
 10303 | D:2      | XOM: silly message
 10322 | D:3      | XOM: stealth player
 10536 | D:3      | Noticed Terence
 10537 | D:3      | XOM: summons 6 friendly demons
 10546 | D:3      | Killed Terence
 10568 | D:3      | XOM: 1-stop teleportation journey
 10571 | D:3      | Noticed Ijyb
 10581 | D:3      | Killed Ijyb
 10759 | D:3      | XOM: noise
 11034 | D:4      | Noticed Eustachio
 11044 | D:4      | XOM: enchant monster (good)
 11048 | D:4      | XOM: cleaving
 11050 | D:4      | XOM: divination: detect creatures
 11053 | D:4      | Killed Eustachio
 11054 | D:4      | Reached skill level 1 in Evocations
 11054 | D:4      | Reached XP level 7. HP: 42/53 MP: 0/0
 11054 | D:4      | Learned a level 3 spell: Sigil of Binding
 11057 | D:4      | XOM: silly message
 11079 | D:4      | Found a staircase to the Ecumenical Temple.
 11121 | D:4      | XOM: confuse monster(s)
 11121 | D:4      | Noticed Pikel
 11123 | D:4      | XOM: cleaving
 11129 | D:4      | Pikel changed into Pikel the steam dragon
 11129 | D:4      | Noticed Pikel
 11129 | D:4      | XOM: polymorph Pikel -> Pikel the steam dragon
 11131 | D:4      | XOM: summons 3 friendly demons
 11133 | D:4      | Killed Pikel the steam dragon
 11161 | D:4      | XOM: give mutations
 11161 | D:4      | Gained mutation: You expend health (3 HP) to strengthen
                  | your wands. [Xom's grace]
 11161 | D:4      | Gained mutation: You are partially covered in iridescent
                  | scales. (AC +2) [Xom's grace]
 11161 | D:4      | Gained mutation: Your skin changes colour to match your
                  | surroundings (Stealth+). [Xom's grace]
 11184 | D:4      | Found a glowing drain.
 11207 | Sewer    | Entered a sewer
 11279 | Sewer    | XOM: scenery: summon butterflies
 11284 | Sewer    | Reached XP level 8. HP: 41/58 MP: 0/0
 11517 | D:4      | XOM: cloud trail
 11554 | D:4      | XOM: give mutations
 11554 | D:4      | Gained mutation: You have a pair of large horns on your
                  | head. [Xom's grace]
 11554 | D:4      | Gained mutation: You are mostly covered in iridescent
                  | scales. (AC +4) [Xom's grace]
 11718 | D:4      | Found a broken altar of Ashenzari.
 11718 | D:4      | Noticed Duvessa
 11718 | D:4      | Noticed Dowan
 11727 | D:4      | XOM: chaos upgrade
 11737 | D:4      | Killed Duvessa
 11742 | D:4      | Killed Dowan
 11764 | D:4      | Found a burning altar of Makhleb.
 11805 | D:4      | Reached skill level 5 in Fighting
 11886 | D:4      | XOM: summons 5 hostile demons
 12010 | D:5      | Entered Level 5 of the Dungeon
 12010 | D:5      | XOM: god gift: tapered bronze wand {god gift}
 12051 | D:5      | Reached skill level 5 in Dodging
 12171 | D:5      | XOM: summons 3 hostile demons
 12178 | D:5      | XOM: 1-stop teleportation journey
 12195 | D:5      | Found Qox Vykh's General Store.
 12215 | D:5      | Bought a scroll of teleportation for 42 gold pieces
 12271 | D:5      | Reached XP level 9. HP: 65/65 MP: 0/0
 12271 | D:5      | Learned a level 3 spell: Fugue of the Fallen
 12296 | D:5      | Reached skill level 5 in Long Blades
 12358 | D:5      | XOM: summons 4 hostile shadow creatures
 12411 | D:5      | XOM: summons 2 hostile demons
 12444 | D:5      | Noticed Prince Ribbit
 12450 | D:5      | XOM: summons 2 hostile shadow creatures
 12454 | D:5      | XOM: summons 2 hostile demons
 12466 | D:5      | XOM: confusion
 12487 | D:5      | Killed Prince Ribbit
 12676 | D:6      | Noticed Maggie
 12685 | D:6      | Killed Maggie
 12686 | D:6      | Reached skill level 5 in Armour
 12701 | D:6      | XOM: 2-stop teleportation journey
 12709 | D:6      | Found a shadowy altar of Dithmenos.
 12733 | D:6      | XOM: give mutation
 12733 | D:6      | Lost mutation: Your skin changes colour to match your
                  | surroundings (Stealth+). [Xom's mischief]
 12760 | D:6      | XOM: 1-stop teleportation journey
 12766 | D:6      | XOM: summons 2 hostile shadow creatures
 12834 | D:6      | XOM: polymorph centaur -> shapeshifter
 13202 | D:6      | Identified a scroll of acquirement
 13203 | D:6      | Acquired 1312 gold pieces
 13232 | D:6      | Found a blossoming altar of Fedhas.
 13234 | D:6      | XOM: scenery: 1 doors open
 13238 | D:6      | XOM: polymorph centaur -> ball python
 13246 | D:6      | XOM: cleaving
 13330 | D:6      | XOM: god gift: wand of quicksilver (7)
 13378 | D:7      | XOM: destruction
 13388 | D:7      | Reached XP level 10. HP: 71/72 MP: 0/0
 13417 | D:7      | XOM: 8-stop teleportation journey
 13549 | D:7      | XOM: give mutation
 13549 | D:7      | Gained mutation: You are partially covered in large bone
                  | plates. (SH +4) [Xom's grace]
 13687 | D:7      | XOM: potion effect (brilliance)
 14113 | D:7      | Reached skill level 5 in Evocations
 14300 | D:8      | Found an iron altar of Okawaru.
 14301 | D:8      | Found a sparkling altar of Nemelex Xobeh.
 14679 | D:8      | Noticed a two-headed ogre
 14682 | D:8      | Killed a two-headed ogre
 14911 | D:8      | Found an ornate altar of the Wu Jian Council.
 14911 | D:8      | Found a bloodstained altar of Trog.
 15114 | D:9      | Noticed a kobold demonologist
 15118 | D:9      | XOM: scenery: summon butterflies
 15122 | D:9      | XOM: summons 3 friendly demons
 15125 | D:9      | Killed a kobold demonologist
 15339 | D:9      | XOM: summons 2 hostile demons
 15355 | D:9      | XOM: chaos upgrade
 15367 | D:9      | XOM: stat loss: -1 Int (12/13)
 15367 | D:9      | Noticed a two-headed ogre
 15380 | D:9      | Killed a two-headed ogre
 15381 | D:9      | Reached XP level 11. HP: 44/79 MP: 0/0
 15381 | D:9      | Learned a level 4 spell: Airstrike
 15407 | D:9      | Found a staircase to the Orcish Mines.
 15407 | D:9      | XOM: 1-stop teleportation journey
 15415 | D:9      | XOM: summons 6 friendly demons
 15419 | D:9      | XOM: silly message
 15552 | D:9      | Found a staircase to the Lair.
 15689 | D:10     | Entered Level 10 of the Dungeon
 15892 | D:10     | XOM: cloud trail
 15904 | D:10     | XOM: 1-stop teleportation journey
 15916 | D:10     | XOM: summons 5 hostile demons
 15959 | D:10     | Noticed a two-headed ogre
 15971 | D:10     | Killed a two-headed ogre
 16065 | D:10     | Noticed a two-headed ogre
 16070 | D:10     | XOM: enchant monster (good)
 16134 | D:10     | XOM: scenery: create altars
 16159 | D:10     | XOM: 1-stop teleportation journey
 16860 | D:11     | Identified the +7 whip of Eternal War {freeze, rC+ Dex+4
                  | SInv}
 17042 | D:11     | XOM: polymorph orc -> hornet
 17059 | D:11     | XOM: smoke on damage
 17074 | D:11     | XOM: god gift: book of Iron
 17089 | D:11     | Found Paideock's Armour Boutique.
 17278 | D:10     | Killed a two-headed ogre
 17319 | Lair:1   | Entered Level 1 of the Lair of Beasts
 17465 | Lair:1   | XOM: divination: detect creatures
 17468 | Lair:1   | XOM: potion effect (brilliance)
 17590 | Lair:1   | XOM: give mutations
 17590 | Lair:1   | Gained mutation: You are agile. (Dex +4, Str/Int -1) [Xom's
                  | grace]
 17590 | Lair:1   | Gained mutation: Your muscles are strong. (Str +4, Int/Dex
                  | -1) [Xom's grace]
 18239 | Lair:2   | XOM: noise
 18255 | Lair:2   | Noticed a four-headed hydra
 18263 | Lair:2   | Killed a three-headed hydra
 18271 | Lair:2   | You are sucked into a shaft and drop 1 floor!
 18271 | Lair:3   | Found a hole to the Spider Nest.
 18350 | Lair:2   | Reached XP level 12. HP: 84/88 MP: 0/0
 18353 | Lair:2   | Noticed a catoblepas
 18357 | Lair:3   | XOM: summons 8 friendly demons
 18373 | Lair:3   | Found a staircase to the Swamp.
 18404 | Lair:3   | XOM: give mutations
 18404 | Lair:3   | Gained mutation: You are completely covered in iridescent
                  | scales. (AC +6) [Xom's grace]
 18404 | Lair:3   | Lost mutation: You are dopey. (Int -2) [Xom's grace]
 18404 | Lair:3   | Gained mutation: Your mind is acute. (Int +4, Str/Dex -1)
                  | [Xom's grace]
 18465 | Lair:3   | XOM: scenery: summon butterflies
 18469 | Lair:3   | XOM: confuse monster(s)
 18582 | Lair:2   | XOM: enchant monster (bad)
 18586 | Lair:2   | Reached skill level 5 in Spellcasting
 18586 | Lair:2   | Reached skill level 5 in Conjurations
 18586 | Lair:2   | Reached skill level 5 in Hexes
 18586 | Lair:2   | Reached skill level 5 in Summonings
 18586 | Lair:2   | Reached skill level 5 in Necromancy
 18586 | Lair:2   | Reached skill level 5 in Translocations
 18586 | Lair:2   | Reached skill level 5 in Fire Magic
 18586 | Lair:2   | Reached skill level 5 in Ice Magic
 18586 | Lair:2   | Reached skill level 5 in Air Magic
 18586 | Lair:2   | Reached skill level 5 in Earth Magic
 18586 | Lair:2   | Reached skill level 5 in Alchemy
 18593 | Lair:2   | XOM: silly message
 18668 | Lair:2   | XOM: summons 3 hostile shadow creatures
 18669 | Lair:2   | Noticed a five-headed hydra
 18798 | Lair:2   | XOM: blink monster(s)
 18799 | Lair:2   | XOM: 1-stop teleportation journey
 18844 | Lair:2   | Killed a catoblepas
 18957 | Lair:2   | XOM: silly message
 19039 | Lair:2   | Noticed a boulder beetle
 19041 | Lair:2   | XOM: noise
 19044 | Lair:2   | XOM: divination: magic mapping
 19115 | Lair:2   | XOM: silly message
 19128 | Lair:2   | XOM: summons friendly crimson imp
 19383 | Lair:2   | XOM: give mutation
 19383 | Lair:2   | Lost mutation: You are completely covered in iridescent
                  | scales. (AC +6) [Xom's mischief]
 19527 | Lair:2   | a boulder beetle changed into a lindwurm
 19527 | Lair:2   | XOM: polymorph boulder beetle -> lindwurm
 19780 | Lair:3   | XOM: summons 3 friendly demons
 19887 | Lair:3   | XOM: polymorph water moccasin -> goblin
 19938 | Lair:3   | XOM: polymorph black mamba -> goblin
 19944 | Lair:3   | XOM: cleaving
 20009 | Lair:3   | Reached XP level 13. HP: 90/94 MP: 0/0
 20009 | Lair:3   | Learned a level 5 spell: Borgnjor's Vile Clutch
 20169 | Lair:3   | Noticed a six-headed hydra
 20177 | Lair:3   | Killed a three-headed hydra
 20178 | Lair:3   | Reached skill level 10 in Dodging
 20312 | Lair:3   | XOM: scenery: 1 doors close
 20408 | Lair:4   | XOM: blink monster(s)
 20542 | Lair:4   | Found a dark tunnel.
 20547 | Volcano  | Entered a volcano
 20577 | Volcano  | XOM: summons 7 hostile demons
 20624 | Volcano  | XOM: blink monster(s)
 20684 | Volcano  | Noticed a stone giant
 20685 | Volcano  | Found a burning altar of Makhleb.
 20708 | Volcano  | Killed a stone giant
 20783 | Volcano  | Identified the +1 pair of gloves "Lema Ras" {+Inv Str+4}
 21143 | Lair:4   | Reached skill level 10 in Fighting
 21146 | Lair:4   | XOM: confuse monster(s)
 21205 | Lair:4   | XOM: 1-stop teleportation journey
 21264 | Lair:4   | Noticed Rupert
 21272 | Lair:4   | Rupert changed into Rupert the fenstrider witch
 21272 | Lair:4   | Noticed Rupert
 21272 | Lair:4   | XOM: polymorph Rupert -> Rupert the fenstrider witch
 21276 | Lair:4   | Paralysed by Rupert for 2 turns
 21282 | Lair:4   | Killed Rupert the fenstrider witch
 21414 | Lair:4   | XOM: stat loss: -1 Str (16/17)
 21435 | Lair:4   | XOM: fog
 21446 | Lair:4   | XOM: smoke on damage
 21553 | Lair:4   | Identified the +1 robe "Yfa Mula" {rC++ Str+5 Int-5}
 21673 | Lair:4   | XOM: enchant monster (good)
 21677 | Lair:4   | XOM: destruction
 21680 | Lair:4   | XOM: potion effect (invisibility)
 21685 | Lair:4   | XOM: cast spell 'Disjunction'
 21687 | Lair:4   | XOM: enchant monster (good)
 21849 | Lair:5   | Entered Level 5 of the Lair of Beasts
 21869 | Lair:5   | Reached skill level 10 in Armour
 21871 | Lair:5   | XOM: scenery: summon butterflies
 21896 | Lair:5   | Found a gate leading to a gauntlet.
 21916 | Lair:5   | Reached XP level 14. HP: 96/103 MP: 0/0
 21925 | Gauntlet | Entered a Gauntlet
 21925 | Gauntlet | Found a transporter.
 21925 | Gauntlet | Found a transporter.
 21926 | Gauntlet | Found a transporter.
 21926 | Gauntlet | Found a transporter.
 21929 | Gauntlet | Found a transporter.
 21929 | Gauntlet | Found a transporter.
 21939 | Gauntlet | Found a transporter.
 21943 | Gauntlet | Found a transporter.
 21953 | Gauntlet | Found a transporter.
 21962 | Gauntlet | Found a transporter.
 21981 | Gauntlet | Found a transporter.
 21983 | Gauntlet | Found a transporter.
 22139 | Gauntlet | Acquired the +1 cloak of Starlight {*Dazzle EV+4 Stlth--}
 22139 | Gauntlet | Found the +1 cloak of Starlight {*Dazzle EV+4 Stlth--}
 22299 | Gauntlet | Identified the ring "Leergheehe" {Fly Str+5}
 22303 | Gauntlet | XOM: give mutations
 22303 | Gauntlet | Gained mutation: You are completely covered in iridescent
                  | scales. (AC +6) [Xom's grace]
 22303 | Gauntlet | Gained mutation: You are robust. (+10% HP) [Xom's grace]
 22303 | Gauntlet | Gained mutation: You are strong-willed. (Will+) [Xom's
                  | grace]
 22303 | Gauntlet | Gained mutation: Your muscles are very strong. (Str +8,
                  | Int/Dex -2) [Xom's grace]
 22310 | Gauntlet | XOM: summons 10 friendly demons
 22341 | Gauntlet | Acquired the +4 pair of gloves of Limitation {Rampage rC+
                  | Will+}
 22360 | Gauntlet | Identified the +1 leather armour of Analysis {Rampage rElec
                  | Will- Dex+5}
 22361 | Gauntlet | Identified the +1 pair of boots of Conscience {Dex+2 SInv}
 22372 | Gauntlet | Noticed a minotaur
 22387 | Gauntlet | XOM: cleaving
 22401 | Gauntlet | Killed a minotaur
 22440 | Gauntlet | Identified the staff of Distant Shores {rElec rC+ Air}
 22440 | Gauntlet | Identified the +0 ring mail of Seras {rPois}
 22440 | Gauntlet | Identified the ring of Urivaqurgh {Wiz Dex+6 SInv}
 22503 | Lair:5   | XOM: scenery: create altars
 22527 | Lair:5   | XOM: summons 5 friendly demons
 22537 | Lair:5   | Reached skill level 10 in Long Blades
 22590 | Lair:5   | XOM: scenery: summon butterflies
 22699 | Lair:5   | XOM: divination: magic mapping
 22837 | Lair:5   | XOM: divination: detect creatures
 22868 | Lair:5   | XOM: summons 2 friendly demons
 22872 | Lair:5   | XOM: cast spell 'Cause Fear'
 22903 | Lair:5   | XOM: potion effect (might)
 22960 | Lair:5   | Found a large runed translucent door.
 22960 | Lair:5   | Found a large runed translucent door.
 22967 | Lair:5   | XOM: cleaving
 23018 | Lair:5   | XOM: enchant monster (bad)
 23127 | Lair:5   | XOM: give mutation
 23127 | Lair:5   | Lost mutation: You are completely covered in iridescent
                  | scales. (AC +6) [Xom's mischief]
 23258 | Lair:5   | Found a viscous altar of Jiyva.
 23452 | D:9      | XOM: give mutation
 23452 | D:9      | Gained mutation: Your spells are a little harder to cast,
                  | but a little more powerful. [Xom's grace]
 23474 | Orc:1    | Entered Level 1 of the Orcish Mines
 23548 | Orc:1    | Noticed Erolcha
 23554 | Orc:1    | Killed Erolcha
 23728 | Orc:2    | Entered Level 2 of the Orcish Mines
 23728 | Orc:2    | Noticed an orc warlord
 23728 | Orc:2    | Noticed an orc warlord
 23752 | Orc:2    | XOM: enchant monster (good)
 23754 | Orc:2    | XOM: summons friendly iron imp
 23764 | Orc:2    | XOM: cleaving
 23767 | Orc:2    | XOM: divination: magic mapping
 23774 | Orc:2    | XOM: summons 5 friendly demons
 23779 | Orc:2    | Killed an orc warlord
 23810 | Orc:2    | XOM: cast spell 'Malign Gateway'
 23855 | Orc:2    | Killed an orc warlord
 23910 | Orc:1    | XOM: potion effect (might)
 23989 | Orc:2    | XOM: cloud trail
 24018 | Orc:2    | XOM: god gift: club {god gift}
 24131 | Orc:2    | Found a staircase to the Elven Halls.
 24200 | Orc:2    | Reached skill level 1 in Shields
 24217 | Orc:2    | Reached XP level 15. HP: 118/122 MP: 0/0
 24217 | Orc:2    | Learned a level 6 spell: Death Channel
 24251 | Orc:2    | XOM: polymorph orc priest -> ball python
 24269 | Orc:2    | XOM: cast spell 'Summon Ice Beast'
 24316 | Orc:2    | XOM: noise
 24430 | Orc:2    | XOM: confuse monster(s)
 24438 | Orc:2    | XOM: divination: magic mapping
 24443 | Orc:2    | XOM: potion effect (attraction)
 24449 | Orc:2    | XOM: enchant monster (good)
 24455 | Orc:2    | XOM: divination: detect creatures
 24487 | Orc:2    | XOM: cast spell 'Fugue of the Fallen'
 24639 | Orc:2    | XOM: confuse monster(s)
 24649 | Orc:2    | XOM: potion effect (curing)
 24655 | Orc:2    | XOM: cast spell 'Iskenderun's Battlesphere'
 24720 | Orc:2    | XOM: silly message
 24830 | Orc:2    | XOM: divination: detect items
 24858 | Orc:2    | Found Ubbam's Distillery.
 24858 | Orc:2    | Found Wadwom Huor's Armour Boutique.
 24859 | Orc:2    | Found Puvegei's Weapon Boutique.
 24859 | Orc:2    | Found Ybyimn's Jewellery Shop.
 24866 | Orc:2    | Bought a potion of invisibility for 104 gold pieces
 24866 | Orc:2    | Bought a potion of haste for 130 gold pieces
 24866 | Orc:2    | Bought a potion of heal wounds for 65 gold pieces
 24866 | Orc:2    | Bought a potion of haste for 130 gold pieces
 24874 | Orc:2    | Bought the +8 long sword of Subterfuge {flame, Fly rPois
                  | rF- Dex+3} for 706 gold pieces
 24999 | Orc:2    | XOM: silly message
 25118 | Swamp:1  | Entered Level 1 of the Swamp
 25123 | Swamp:1  | XOM: enchant monster (bad)
 25158 | Swamp:1  | XOM: divination: detect creatures
 25195 | Swamp:1  | XOM: summons 4 friendly demons
 25213 | Swamp:1  | XOM: give mutations
 25213 | Swamp:1  | Gained mutation: You are very agile. (Dex +8, Str/Int -2)
                  | [Xom's grace]
 25262 | Swamp:1  | XOM: 5-stop teleportation journey
 25376 | Swamp:1  | XOM: cloud trail
 25379 | Swamp:1  | XOM: divination: detect creatures
 25391 | Swamp:1  | XOM: summons 10 friendly demons
 25917 | Swamp:2  | Identified the +4 flail of a bazaar {elec, rPois Dex+6}
 25937 | Swamp:2  | Noticed a fenstrider witch
 25939 | Swamp:2  | a fenstrider witch changed into a jorogumo
 25939 | Swamp:2  | XOM: polymorph fenstrider witch -> jorogumo
 25951 | Swamp:2  | XOM: give mutations
 25951 | Swamp:2  | Gained mutation: Your mind is very acute. (Int +8, Str/Dex
                  | -2) [Xom's grace]
 25951 | Swamp:2  | Gained mutation: You are completely covered in iridescent
                  | scales. (AC +6) [Xom's grace]
 25951 | Swamp:2  | Gained mutation: Your flesh is almost immune to the effects
                  | of heat. (rF+++) [Xom's grace]
 25989 | Swamp:2  | XOM: scenery: create altars
 26144 | Swamp:2  | XOM: 3-stop teleportation journey
 26242 | Swamp:2  | Reached XP level 16. HP: 130/130 MP: 0/0
 26351 | Swamp:2  | XOM: divine lightning
 26529 | Swamp:2  | XOM: god gift: leather armour {god gift}
 26585 | Swamp:3  | XOM: summons 3 friendly demons
 26600 | Swamp:3  | Reached skill level 5 in Shields
 26600 | Swamp:3  | XOM: divination: detect items
 26621 | Swamp:3  | XOM: enchant monster (good)
 26641 | Swamp:3  | XOM: summons friendly iron imp
 26990 | Swamp:4  | Entered Level 4 of the Swamp
 27008 | Swamp:4  | XOM: cloud trail
 27142 | Swamp:4  | XOM: scenery: summon butterflies
 27384 | Swamp:4  | Noticed an azure jelly
 27393 | Swamp:4  | Killed an azure jelly
 27422 | Swamp:4  | XOM: divination: detect creatures
 27426 | Swamp:4  | XOM: enchant monster (good)
 27433 | Swamp:4  | XOM: summons friendly ufetubus
 27479 | Swamp:4  | Identified the +2 chain mail of Duty {rElec Will++ Int+3}
 27662 | Swamp:4  | Got a decaying rune of Zot
 27722 | Swamp:4  | XOM: silly message
 27937 | Spider:1 | Entered Level 1 of the Spider Nest
 27938 | Spider:1 | XOM: noise
 27958 | Spider:1 | XOM: confuse monster(s)
 28303 | Spider:1 | Reached XP level 17. HP: 122/138 MP: 0/0
 28303 | Spider:1 | Learned a level 7 spell: Summon Hydra
 28318 | Spider:1 | XOM: enchant monster (bad)
 28680 | Spider:1 | XOM: summons 8 hostile demons
 29298 | Spider:2 | XOM: silly message
 29350 | Spider:2 | XOM: 3-stop teleportation journey
 29533 | Spider:2 | XOM: confuse monster(s)
 29938 | Spider:2 | XOM: scenery: summon butterflies
 29997 | Spider:2 | XOM: summons friendly ufetubus
 29999 | Spider:2 | XOM: cleaving
 30089 | Spider:2 | XOM: scenery: create altars
 30165 | Spider:2 | XOM: divination: magic mapping
 30183 | Spider:2 | XOM: give mutations
 30183 | Spider:2 | Lost mutation: Your muscles are very strong. (Str +8,
                  | Int/Dex -2) [Xom's mischief]
 30183 | Spider:2 | Lost mutation: You have a pair of large horns on your head.
                  | [Xom's mischief]
 30183 | Spider:2 | Lost mutation: Your muscles are strong. (Str +4, Int/Dex
                  | -1) [Xom's mischief]
 30183 | Spider:2 | Lost mutation: You are partially covered in large bone
                  | plates. (SH +4) [Xom's mischief]
 30797 | Spider:3 | XOM: silly message
 30934 | Spider:3 | XOM: enchant monster (bad)
 30949 | Spider:3 | XOM: summons 11 friendly demons
 31085 | Spider:3 | XOM: polymorph demonic crawler -> hell hound
 31191 | Spider:3 | XOM: give mutation
 31191 | Spider:3 | Lost mutation: Your flesh is almost immune to the effects
                  | of heat. (rF+++) [Xom's mischief]
 31215 | Spider:3 | XOM: fog
 31431 | Spider:3 | XOM: god gift: atropa-tipped dart
 31564 | Spider:4 | Entered Level 4 of the Spider Nest
 31674 | Spider:4 | XOM: cast spell 'Summon Horrible Things'
 31811 | Spider:4 | Found the +8 lance "Wyrmbane" {slay drac, rPois rF+ rC+
                  | AC+3}
 31844 | Spider:4 | XOM: scenery: create altars
 31890 | Spider:4 | XOM: fog
 31900 | Spider:4 | XOM: summons 6 friendly demons
 32010 | Spider:4 | XOM: enchant monster (good)
 32068 | Spider:4 | XOM: summons 2 hostile demons
 32186 | Spider:4 | XOM: torment (71/140 hp)
 32235 | Spider:4 | XOM: confusion (+ monsters)
 32239 | Spider:4 | Reached XP level 18. HP: 128/147 MP: 0/0
 32241 | Spider:4 | XOM: swap monsters
 32264 | Spider:3 | XOM: polymorph entropy weaver -> ogre
 32267 | Spider:3 | XOM: enchant monster (bad)
 32275 | Spider:3 | XOM: noise
 32373 | Spider:4 | XOM: silly message
 32376 | Spider:4 | XOM: silly message
 32379 | Spider:4 | XOM: blink monster(s)
 32404 | Spider:4 | XOM: enchant monster (bad)
 32419 | Spider:4 | Reached skill level 15 in Dodging
 32591 | Spider:4 | Found the +0 pair of fencer's gloves {Riposte Dex+3}
 32596 | Spider:4 | Got a gossamer rune of Zot
 32695 | Spider:4 | Acquired 878 gold pieces
 32813 | Spider:3 | XOM: silly message
 33024 | D:12     | XOM: noise
 33030 | D:12     | XOM: blink monster(s)
 33466 | D:12     | XOM: give mutations
 33466 | D:12     | Lost mutation: Your spells are a little harder to cast, but
                  | a little more powerful. [Xom's mischief]
 33466 | D:12     | Lost mutation: Your natural rate of healing is unusually
                  | fast. [Xom's mischief]
 33466 | D:12     | Lost mutation: You are very agile. (Dex +8, Str/Int -2)
                  | [Xom's mischief]
 33555 | D:12     | XOM: summons 8 hostile demons
 33822 | D:13     | XOM: 2-stop teleportation journey
 33851 | D:13     | XOM: enchant monster (bad)
 33877 | D:13     | XOM: summons 10 hostile demons
 33890 | D:13     | XOM: summons 16 friendly demons
 33949 | D:12     | XOM: 1-stop teleportation journey
 34269 | D:13     | XOM: cast spell 'Monstrous Menagerie'
 34370 | D:13     | XOM: enchant monster (good)
 34511 | D:13     | XOM: cloud trail
 34534 | D:13     | Noticed Nessos
 34554 | D:13     | Killed Nessos
 34649 | D:13     | XOM: cloud trail
 34709 | D:13     | XOM: 3-stop teleportation journey
 34880 | D:13     | XOM: polymorph vault guard -> glowing shapeshifter
 34892 | D:13     | Found a gate to the Vaults.
 34978 | D:13     | Found a hazy altar of Hepliaklqana.
 35107 | D:14     | XOM: 1-stop teleportation journey
 35131 | D:14     | XOM: summons friendly iron imp
 35142 | D:14     | XOM: potion effect (brilliance)
 35143 | D:14     | Reached skill level 1 in Shapeshifting
 35211 | D:14     | Noticed Josephine
 35217 | D:14     | Killed Josephine
 35240 | D:14     | Noticed Kirke
 35243 | D:14     | XOM: blink monster(s)
 35246 | D:14     | XOM: swap monsters
 35258 | D:14     | Killed Kirke
 35403 | D:14     | XOM: 5-stop teleportation journey
 35514 | D:14     | XOM: give mutations
 35514 | D:14     | Lost mutation: You are robust. (+10% HP) [Xom's mischief]
 35514 | D:14     | Lost mutation: You are completely covered in iridescent
                  | scales. (AC +6) [Xom's mischief]
 35514 | D:14     | Gained mutation: Your spells are a little harder to cast,
                  | but a little more powerful. [Xom's mischief]
 35547 | D:14     | XOM: silly message
 35800 | D:15     | Entered Level 15 of the Dungeon
 35829 | D:15     | XOM: enchant monster (good)
 35837 | D:15     | Found Refusiu's Armour Shop.
 36108 | D:15     | Found a staircase to the Depths.
 36112 | D:15     | XOM: enchant monster (good)
 36406 | D:15     | XOM: potion effect (invisibility)
 36523 | D:15     | XOM: silly message
 36678 | D:13     | Reached XP level 19. HP: 141/141 MP: 0/0
 36678 | D:13     | Learned a level 6 spell: Bombard
 36708 | Vaults:1 | Entered Level 1 of the Vaults
 36998 | Spider:2 | XOM: divination: magic mapping
 37056 | Spider:4 | XOM: cloud trail
 37434 | Vaults:1 | XOM: 3-stop teleportation journey
 37478 | Vaults:1 | XOM: confuse monster(s)
 37600 | Vaults:1 | XOM: god gift: 53 gold pieces
 37630 | Vaults:1 | XOM: smoke on damage
 37698 | Vaults:1 | Reached skill level 1 in Polearms
 37914 | Vaults:1 | XOM: summons 6 friendly demons
 37925 | Vaults:1 | XOM: summons friendly shadow imp
 37926 | Vaults:1 | XOM: summons friendly white imp
 37965 | Vaults:1 | XOM: enchant monster (good)
 37966 | Vaults:1 | XOM: confuse monster(s)
 38077 | Vaults:1 | XOM: scenery: 1 doors close
 38095 | Vaults:1 | XOM: 3-stop teleportation journey
 38130 | Vaults:1 | XOM: potion effect (curing)
 38137 | Vaults:1 | XOM: divination: detect creatures
 38158 | Vaults:1 | XOM: summons friendly crimson imp
 38159 | Vaults:1 | XOM: smoke on damage
 38399 | Vaults:1 | Found Nouzyid's Magic Scroll Emporium.
 38403 | Vaults:1 | XOM: divination: magic mapping
 38421 | Vaults:1 | Bought a scroll of summoning for 114 gold pieces
 38421 | Vaults:1 | Bought a scroll of acquirement for 624 gold pieces
 38421 | Vaults:1 | Bought a scroll of teleportation for 36 gold pieces
 38421 | Vaults:1 | Bought a scroll of teleportation for 36 gold pieces
 38421 | Vaults:1 | Bought a scroll of identify for 24 gold pieces
 38421 | Vaults:1 | Bought a scroll of identify for 24 gold pieces
 38421 | Vaults:1 | Acquired 828 gold pieces
 38647 | Vaults:1 | Reached skill level 10 in Shields
 38840 | Vaults:1 | Noticed Asterion
 38907 | Vaults:1 | XOM: confuse monster(s)
 38918 | Vaults:1 | Killed Asterion
 38919 | Vaults:1 | Reached skill level 15 in Fighting
 38946 | Vaults:1 | XOM: give mutations
 38946 | Vaults:1 | Gained mutation: Your flesh is almost immune to the effects
                  | of heat. (rF+++) [Xom's grace]
 38946 | Vaults:1 | Gained mutation: You have a pair of large horns on your
                  | head. [Xom's grace]
 38946 | Vaults:1 | Gained mutation: You are robust. (+10% HP) [Xom's grace]
 39147 | Vaults:1 | XOM: noise
 39765 | Vaults:2 | XOM: silly message
 39768 | Vaults:2 | XOM: enchant monster (bad)
 39940 | Vaults:2 | Reached XP level 20. HP: 163/163 MP: 0/0
 39947 | Vaults:2 | XOM: polymorph ironbound frostheart -> shapeshifter
 40162 | Vaults:2 | Reached skill level 10 in Spellcasting
 40162 | Vaults:2 | Reached skill level 10 in Conjurations
 40162 | Vaults:2 | Reached skill level 10 in Hexes
 40162 | Vaults:2 | Reached skill level 10 in Summonings
 40162 | Vaults:2 | Reached skill level 10 in Necromancy
 40162 | Vaults:2 | Reached skill level 10 in Translocations
 40162 | Vaults:2 | Reached skill level 10 in Fire Magic
 40162 | Vaults:2 | Reached skill level 10 in Ice Magic
 40162 | Vaults:2 | Reached skill level 10 in Air Magic
 40162 | Vaults:2 | Reached skill level 10 in Earth Magic
 40162 | Vaults:2 | Reached skill level 10 in Alchemy
 40304 | Vaults:2 | XOM: enchant monster (bad)
 40411 | Vaults:2 | XOM: god gift: scroll of torment
 40504 | Vaults:2 | XOM: cast spell 'Fugue of the Fallen'
 40602 | Vaults:3 | XOM: enchant monster (good)
 40678 | Vaults:3 | XOM: smoke on damage
 40709 | Vaults:3 | XOM: polymorph entropy weaver -> glass eye
 40770 | Vaults:3 | XOM: 1-stop teleportation journey
 40772 | Vaults:3 | XOM: swap monsters
 40796 | Vaults:3 | XOM: polymorph lindwurm -> faun
 40819 | Vaults:3 | XOM: 2-stop teleportation journey
 40837 | Vaults:3 | XOM: swap monsters
 41097 | Vaults:3 | Found Pariotyri's Armour Shoppe.
 41296 | Vaults:3 | XOM: butterfly on damage
 41296 | Vaults:3 | XOM: smoke on damage
 41409 | Vaults:1 | XOM: torment (81/166 hp)
 41465 | Vaults:1 | XOM: scenery: 2 doors close
 41991 | Vaults:3 | XOM: draining
 42161 | Vaults:3 | XOM: god gift: +4 ring of slaying
 42184 | Vaults:3 | Found a staircase to the Crypt.
 42185 | Vaults:3 | XOM: cleaving
 42376 | Vaults:3 | XOM: give mutations
 42376 | Vaults:3 | Gained mutation: You possess an exceptional clarity of
                  | mind. [Xom's grace]
 42376 | Vaults:3 | Gained mutation: Your spells are harder to cast, but more
                  | powerful. [Xom's grace]
 42376 | Vaults:3 | Gained mutation: Your muscles are strong. (Str +4, Int/Dex
                  | -1) [Xom's grace]
 42376 | Vaults:3 | Gained mutation: You have sharp fingernails. [Xom's grace]
 42388 | Vaults:4 | XOM: 1-stop teleportation journey
 42398 | Vaults:4 | XOM: divine lightning
 42437 | Vaults:4 | Identified the +6 plate armour of Gallantry {Rampage}
 42449 | Vaults:4 | XOM: scenery: summon butterflies
 42462 | Vaults:4 | XOM: enchant monster (good)
 42760 | Vaults:4 | XOM: potion effect (might)
 42767 | Vaults:4 | XOM: 1-stop teleportation journey
 42805 | Vaults:4 | XOM: summons friendly iron imp
 42991 | Vaults:4 | XOM: scenery: 1 doors close
 43008 | Vaults:4 | XOM: confuse monster(s)
 43015 | Vaults:4 | Reached skill level 5 in Shapeshifting
 43050 | Vaults:4 | XOM: noise
 43082 | Vaults:4 | Reached XP level 21. HP: 172/172 MP: 0/0
 43082 | Vaults:4 | Learned a level 7 spell: Haunt
 43112 | Vaults:4 | XOM: silly message
 43238 | Vaults:4 | XOM: chaos cloud
 43249 | Vaults:4 | XOM: smoke on damage
 43515 | Vaults:4 | XOM: destruction
 43542 | Vaults:4 | XOM: divine lightning
 43652 | Vaults:4 | XOM is BORED!
 44034 | Elf:1    | Entered Level 1 of the Elven Halls
 44058 | Elf:1    | XOM: scenery: create altars
 44068 | Elf:1    | Noticed Louise
 44095 | Elf:1    | Killed Louise
 44318 | Elf:1    | XOM: 2-stop teleportation journey
 44335 | Elf:1    | XOM: god gift: 951 gold pieces
 44358 | Elf:1    | XOM: divination: magic mapping
 44378 | Elf:1    | XOM: summons 2 friendly demons
 44388 | Elf:1    | XOM: blink monster(s)
 44488 | Elf:1    | XOM: enchant monster (bad)
 44597 | Elf:1    | XOM: summons 4 hostile demons
 44631 | Elf:1    | XOM: 3-stop teleportation journey
 44784 | Elf:1    | XOM: give mutations
 44784 | Elf:1    | Gained mutation: You have hidden genetic potential. [Xom's
                  | grace]
 44784 | Elf:1    | Gained mutation: Your muscles are very strong. (Str +8,
                  | Int/Dex -2) [Xom's grace]
 44784 | Elf:1    | Gained mutation: Your spells are much harder to cast, but
                  | much more powerful. [Xom's grace]
 44874 | Elf:1    | XOM: destruction
 44978 | Elf:1    | XOM: polymorph harpy -> golden eye
 45218 | Elf:1    | Acquired a manual of Air Magic
 45249 | Elf:2    | XOM: blink monster(s)
 45273 | Elf:2    | Found a crumbling gateway.
 45281 | Desolati | Entered the Desolation of Salt
 45308 | Desolati | Found the +8 whip "Snakebite" {venom, curare, rPois}
 45310 | Desolati | XOM: summons 11 hostile demons
 45319 | Desolati | XOM: enchant monster (good)
 45329 | Desolati | Identified the ring "Qegib" {Wiz *Corrode rF+++ Dex+5}
 45345 | Desolati | XOM: silly message
 45352 | Desolati | XOM: stat loss: -1 Str (17/18)
 45357 | Desolati | XOM: destruction
 45399 | Desolati | XOM: summons 5 hostile demons
 45406 | Desolati | XOM: smoke on damage
 45413 | Desolati | XOM: cleaving
 45429 | Desolati | XOM: silly message
 45452 | Desolati | XOM: enchant monster (good)
 45617 | Desolati | Identified the ring "Rat Qitsim" {rElec rPois rN+}
 45619 | Desolati | Identified the amulet "Awkyonk" {Faith rPois}
 45620 | Desolati | XOM: scenery: summon butterflies
 45621 | Desolati | XOM: blink monster(s)
 45627 | Desolati | Found the +3 Elemental Staff {ele, rElec rF+ rC+ AC+3}
 45631 | Desolati | XOM: noise
 45696 | Desolati | XOM: noise
 45700 | Desolati | Reached XP level 22. HP: 157/182 MP: 0/0
 45700 | Desolati | XOM: divination: magic mapping
 45840 | Desolati | XOM: divination: magic mapping
 45847 | Desolati | XOM: potion effect (heal wounds)
 45858 | Desolati | XOM: potion effect (brilliance)
 45864 | Desolati | XOM: silly message
 45916 | Desolati | XOM: smoke on damage
 45924 | Desolati | XOM: potion effect (brilliance)
 45992 | Desolati | XOM: silly message
 46045 | Desolati | XOM: silly message
 46404 | Elf:2    | XOM: chaos upgrade
 46408 | Elf:2    | XOM: divination: magic mapping
 46412 | Elf:2    | Reached skill level 15 in Armour
 46598 | Elf:2    | Found Ybuss's Antique Armour Boutique.
 46642 | Elf:2    | Bought a shimmering leather armour for 217 gold pieces
 46642 | Elf:2    | Identified the +0 leather armour of Zesm {rElec Str+3
                  | Dex+4} (You bought it in a shop on level 2 of the Elven
                  | Halls)
 46790 | Elf:2    | Found a runed translucent gate.
 46791 | Elf:2    | Found a runed translucent gate.
 46791 | Elf:2    | Found a runed translucent gate.
 46927 | Elf:2    | XOM: 3-stop teleportation journey
 46936 | Elf:2    | XOM: 1-stop teleportation journey
 46937 | Elf:2    | XOM: polymorph deep elf zephyrmancer -> ice dragon
 46947 | Elf:2    | XOM: scenery: summon butterflies
 47003 | Elf:2    | XOM: blink monster(s)
 47009 | Elf:2    | XOM: stat loss: -1 Int (20/21)
 47086 | Elf:2    | XOM: noise
 47133 | Elf:2    | XOM: noise
 47373 | Elf:3    | Entered Level 3 of the Elven Halls
 47373 | Elf:3    | Found Beobume's Distillery.
 47375 | Elf:3    | Paralysed by an air elemental for 1 turns
 47388 | Elf:3    | Bought a potion of curing for 42 gold pieces
 47388 | Elf:3    | Bought a potion of curing for 42 gold pieces
 47388 | Elf:3    | Bought a potion of curing for 42 gold pieces
 47388 | Elf:3    | Bought a potion of curing for 42 gold pieces
 47388 | Elf:3    | Bought a potion of mutation for 112 gold pieces
 47497 | Elf:3    | XOM: silly message
 47514 | Elf:3    | XOM: cleaving
 47605 | Elf:3    | XOM: scenery: 2 doors close
 47948 | Elf:3    | XOM: swap monsters
 47965 | Elf:3    | XOM: summons 7 friendly demons
 48038 | Elf:3    | XOM: scenery: 1 doors open, 1 doors close
 48057 | Elf:3    | XOM: summons 7 friendly demons
 48070 | Elf:3    | XOM: potion effect (haste)
 48180 | Elf:2    | XOM: god gift: ring mail {god gift}
 48249 | Elf:3    | XOM: give mutations
 48249 | Elf:3    | Gained mutation: You are very robust. (+20% HP) [Xom's
                  | grace]
 48249 | Elf:3    | Gained mutation: You are extremely robust. (+30% HP) [Xom's
                  | grace]
 48249 | Elf:3    | Gained mutation: You passively map a small area around you.
                  | [Xom's grace]
 48249 | Elf:3    | Gained mutation: Your natural rate of healing is unusually
                  | fast. [Xom's grace]
 48255 | Elf:3    | XOM: god gift: shiny chain mail {god gift}
 48257 | Elf:3    | Reached XP level 23. HP: 206/226 MP: 0/0
 48257 | Elf:3    | Learned a level 8 spell: Summon Horrible Things
 48260 | Elf:3    | XOM: scenery: 1 doors open, 1 doors close
 48285 | Elf:3    | XOM: scenery: 1 doors open, 1 doors close
 48340 | Elf:3    | XOM: confuse monster(s)
 48372 | Elf:3    | XOM: potion effect (haste)
 48373 | Elf:3    | XOM: divine lightning
 48444 | Elf:3    | XOM: fog
 48570 | Elf:3    | Identified the amulet "Itrokk" {Reflect rElec Str+3 Int+4
                  | SH+5}
 48573 | Elf:3    | XOM: chaos upgrade
 48576 | Elf:3    | XOM: divination: detect creatures
 48727 | Elf:3    | Identified the +3 quarterstaff of Severance {freeze, rElec
                  | rPois Str-2 Dex+5}
 48801 | Elf:3    | Identified the +7 spear of Dishonesty {pain, rPois rC-
                  | Int+2 SInv}
 48820 | Elf:3    | Identified the +1 ring mail of the Apprentice {rC- Str+6
                  | Dex+3}
 48835 | Elf:3    | Identified the ring "Yxeups" {*Slow rN+++ Str-2 Int+4 Dex+6
                  | SInv}
 48849 | Elf:3    | Found the +3 pair of seven-league boots {Rampage+∞}
 48854 | Elf:3    | Identified the +6 scale mail "Daricuru" {Str+3 Slay+3 SInv}
 48866 | Elf:3    | Identified the +5 spear of the Original Sin {venom, Fly
                  | rPois rN+}
 49079 | Elf:1    | XOM: silly message
 49185 | D:9      | XOM: noise
 49403 | Vaults:2 | XOM: noise
 49449 | Crypt:1  | Entered Level 1 of the Crypt
 49477 | Crypt:1  | XOM: 2-stop teleportation journey
 49575 | Crypt:1  | XOM: confuse monster(s)
 49626 | Crypt:1  | Found a transporter.
 49671 | Crypt:1  | Noticed Neghedd's ghost (veteran GrEE)
 49671 | Crypt:1  | Noticed Neghedd's ghost (veteran GrEE)
 49726 | Crypt:1  | XOM: swap monsters
 49786 | Crypt:1  | XOM: cleaving
 49862 | Crypt:1  | Found a transporter.
 50154 | Crypt:2  | XOM: summons friendly iron imp
 50179 | Crypt:2  | Identified the +4 great mace of Dithmenos {freeze, rElec
                  | rC+}
 50312 | Crypt:2  | XOM: fog
 50314 | Crypt:2  | XOM: confuse monster(s)
 50341 | Crypt:2  | Identified the +2 lajatang "Usotoy" {flame, Stlth+}
 50692 | Crypt:2  | XOM: scenery: create altars
 50712 | Crypt:2  | XOM: give mutations
 50712 | Crypt:2  | Gained mutation: You are highly strong-willed. (Will++)
                  | [Xom's grace]
 50712 | Crypt:2  | Gained mutation: You heal very quickly. [Xom's grace]
 50746 | Crypt:3  | Entered Level 3 of the Crypt
 50763 | Crypt:3  | XOM: divine lightning
 50776 | Crypt:3  | XOM: cleaving
 50794 | Crypt:3  | XOM: enchant monster (bad)
 50835 | Crypt:3  | XOM: noise
 50839 | Crypt:3  | XOM: 1-stop teleportation journey
 50856 | Crypt:3  | XOM: enchant monster (good)
 50974 | Crypt:3  | XOM: give mutations
 50974 | Crypt:3  | Gained mutation: You are completely covered in iridescent
                  | scales. (AC +6) [Xom's grace]
 50974 | Crypt:3  | Lost mutation: You have hidden genetic potential. [Xom's
                  | grace]
 50974 | Crypt:3  | Gained mutation: You are somewhat resistant to further
                  | mutation. [Xom's grace]
 50974 | Crypt:3  | Gained mutation: You passively map the area around you.
                  | [Xom's grace]
 50974 | Crypt:3  | Gained mutation: You regenerate. [Xom's grace]
 51006 | Crypt:3  | Noticed Sojobo
 51011 | Crypt:3  | Noticed Grunn
 51027 | Crypt:3  | XOM: swap monsters
 51033 | Crypt:3  | Killed Sojobo
 51063 | Crypt:3  | XOM: enchant monster (good)
 51084 | Crypt:3  | XOM: summons 3 friendly demons
 51093 | Crypt:3  | XOM: blink monster(s)
 51101 | Crypt:3  | Reached XP level 24. HP: 230/237 MP: 0/0
 51106 | Crypt:3  | XOM: summons 3 friendly demons
 51171 | Crypt:3  | Killed the ghostly Sojobo
 51183 | Crypt:3  | Killed Grunn
 51190 | Crypt:3  | XOM: silly message
 51210 | Crypt:3  | XOM: silly message
 51213 | Crypt:3  | XOM: potion effect (invisibility)
 51218 | Crypt:3  | XOM: cast spell 'Monstrous Menagerie'
 51221 | Crypt:3  | XOM: give mutations
 51221 | Crypt:3  | Lost mutation: You have sharp fingernails. [Xom's mischief]
 51221 | Crypt:3  | Lost mutation: You are somewhat resistant to further
                  | mutation. [Xom's mischief]
 51221 | Crypt:3  | Lost mutation: You passively map the area around you.
                  | [Xom's mischief]
 51235 | Crypt:3  | XOM: scenery: create altars
 51240 | Crypt:3  | Noticed Jory
 51243 | Crypt:3  | XOM: 1-stop teleportation journey
 51281 | Crypt:3  | Noticed a dread lich
 51287 | Crypt:3  | XOM: potion effect (haste)
 51290 | Crypt:3  | Killed a dread lich
 51291 | Crypt:3  | Reached skill level 10 in Shapeshifting
 51428 | Crypt:3  | Found a staircase to the Tomb.
 51492 | Crypt:3  | Killed Jory
 51493 | Crypt:3  | Reached skill level 15 in Air Magic
 51525 | Crypt:3  | Found a basalt altar of Yredelemnul.
 51536 | Crypt:3  | XOM: silly message
 51587 | Crypt:3  | XOM: swap monsters
 51738 | Crypt:3  | Identified the +0 pair of boots "Jilile" {Harm}
 51796 | Crypt:3  | XOM: 1-stop teleportation journey
 51945 | Crypt:3  | Identified the granite talisman "Qodeez" {rCorr Int+4}
 51971 | Crypt:3  | XOM: summons friendly quasit
 51988 | Crypt:3  | XOM: silly message
 52001 | Crypt:3  | XOM: torment (157/239 hp)
 52175 | Crypt:2  | XOM: stat loss: -1 Dex (31/32)
 52304 | Vaults:5 | Entered Level 5 of the Vaults
 52305 | Vaults:5 | Noticed a dread lich
 52347 | Vaults:4 | XOM: noise
 52353 | Vaults:4 | XOM: blink monster(s)
 52356 | Vaults:4 | XOM: polymorph vault guard -> stone giant
 52360 | Vaults:4 | XOM: summons 5 friendly demons
 52406 | Vaults:4 | XOM: enchant monster (good)
 52410 | Vaults:4 | XOM: fog
 52411 | Vaults:4 | XOM: god gift: scroll of immolation
 52414 | Vaults:4 | XOM: cast spell 'Dispersal'
 52420 | Vaults:4 | Killed a dread lich
 52426 | Vaults:4 | XOM: scenery: 2 doors close
 52442 | Vaults:5 | Noticed a dread lich
 52497 | Vaults:4 | XOM: cast spell 'Summon Ice Beast'
 52501 | Vaults:4 | Killed a dread lich
 52560 | Vaults:4 | XOM: summons 3 friendly demons
 52601 | Vaults:4 | XOM: divine lightning
 52612 | Vaults:5 | Noticed Mara
 52616 | Vaults:5 | Identified the ring of Rayll {Will+ Dex+3 Stlth+}
 52630 | Vaults:5 | Noticed Boris
 52644 | Vaults:5 | Reached XP level 25. HP: 150/248 MP: 0/0
 52644 | Vaults:5 | Learned a level 8 spell: Discord
 52653 | Vaults:5 | XOM: smoke on damage
 52657 | Vaults:5 | Killed Boris
 52660 | Vaults:5 | XOM: summons 6 friendly demons
 52707 | Vaults:5 | XOM: summons friendly white imp
 52708 | Vaults:5 | Noticed a dread lich
 52713 | Vaults:5 | XOM: swap monsters
 52831 | Vaults:5 | XOM: confuse monster(s)
 52833 | Vaults:5 | Killed a dread lich
 52835 | Vaults:5 | XOM: enchant monster (good)
 52841 | Vaults:5 | Killed Mara
 52882 | Vaults:5 | XOM: potion effect (curing)
 53016 | Vaults:5 | XOM: noise
 53053 | Vaults:5 | XOM: chaos upgrade
 53076 | Vaults:5 | Identified the ring "Ivosaez" {rElec rF+ rN+ Str+3 SInv}
 53095 | Vaults:5 | XOM: blink monster(s)
 53115 | Vaults:5 | XOM: enchant monster (bad)
 53216 | Vaults:5 | Identified the +6 plate armour of the First Snow {-Cast
                  | Will+ Str+3}
 53225 | Vaults:5 | Identified the ring of the Hecatoncheires {Fire Fly rCorr
                  | Str-3 Int+3 Dex+3}
 53226 | Vaults:5 | Identified the +7 hand axe of Diak {drain, Will- rCorr
                  | SInv}
 53268 | Vaults:5 | Noticed an ancient lich
 53276 | Vaults:5 | Killed an ancient lich
 53395 | Vaults:5 | Identified the +8 spear of Iziab {antimagic, rC+ Will-
                  | Dex+5}
 53462 | Vaults:5 | XOM: god gift: scroll of teleportation
 53475 | Vaults:5 | XOM: cast spell 'Fugue of the Fallen'
 53578 | Vaults:5 | Got a silver rune of Zot
 53580 | Vaults:5 | Identified the +0 scale mail "Ediemis" {Rampage rN+ Int+3}
 53637 | Vaults:5 | XOM: scenery: summon butterflies
 53653 | Vaults:5 | XOM: summons 3 friendly demons
 53657 | Vaults:5 | XOM: cleaving
 53672 | Vaults:5 | XOM: cast spell 'Olgreb's Toxic Radiance'
 53717 | Vaults:5 | Identified the +8 war axe "Zerocoytzi" {freeze, +Blink
                  | rElec Int+4 Dex+5}
 53781 | Vaults:5 | XOM: god gift: scroll of summoning
 54055 | Depths:1 | Entered Level 1 of the Depths
 54104 | Depths:1 | Found a gateway to Hell.
 54134 | Depths:1 | XOM: summons 16 friendly demons
 54189 | Depths:1 | XOM: divination: magic mapping
 54208 | Depths:1 | XOM: potion effect (might)
 54222 | Depths:1 | XOM: fog
 54224 | Depths:1 | XOM: polymorph red very ugly thing -> white very ugly thing
 54247 | Depths:1 | XOM: give mutations
 54247 | Depths:1 | Gained mutation: You have hidden genetic potential. [Xom's
                  | grace]
 54247 | Depths:1 | Gained mutation: You are very agile. (Dex +8, Str/Int -2)
                  | [Xom's grace]
 54262 | Depths:1 | XOM: enchant monster (good)
 54276 | Depths:1 | Reached XP level 26. HP: 243/260 MP: 0/0
 54320 | Depths:1 | XOM: 1-stop teleportation journey
 54325 | Depths:1 | Noticed Norris
 54341 | Depths:1 | Killed Norris
 54421 | Depths:1 | Found a runed translucent gate.
 54422 | Depths:1 | Found a runed translucent gate.
 54422 | Depths:1 | Found a runed translucent gate.
 54427 | Depths:1 | Noticed Qowilec's ghost (adept VSFi)
 54461 | Depths:1 | XOM: scenery: summon butterflies
 54465 | Depths:1 | XOM: divination: detect items
 54471 | Depths:1 | XOM: cleaving
 54492 | Depths:1 | XOM: polymorph butterfly -> howler monkey
 54517 | Depths:1 | XOM: divination: detect creatures
 54681 | Depths:1 | XOM: scenery: summon butterflies
 54717 | Depths:1 | Killed Qowilec's ghost
 54719 | Depths:1 | XOM: scenery: create altars
 54723 | Depths:1 | XOM: 4-stop teleportation journey
 54938 | Depths:1 | XOM: polymorph cyan ugly thing -> green ugly thing
 54975 | Depths:1 | XOM: cloud trail
 55023 | Depths:1 | XOM: god gift: scroll of poison
 55031 | Depths:1 | XOM: summons 4 friendly demons
 55036 | Depths:1 | XOM: fog
 55290 | Depths:2 | XOM: divination: detect creatures
 55305 | Depths:1 | XOM: summons 16 friendly demons
 55329 | Depths:1 | Reached skill level 15 in Spellcasting
 55329 | Depths:1 | Reached skill level 15 in Conjurations
 55329 | Depths:1 | Reached skill level 15 in Hexes
 55329 | Depths:1 | Reached skill level 15 in Summonings
 55329 | Depths:1 | Reached skill level 15 in Necromancy
 55329 | Depths:1 | Reached skill level 15 in Translocations
 55329 | Depths:1 | Reached skill level 15 in Fire Magic
 55329 | Depths:1 | Reached skill level 15 in Ice Magic
 55329 | Depths:1 | Reached skill level 15 in Earth Magic
 55329 | Depths:1 | Reached skill level 15 in Alchemy
 55336 | Depths:2 | XOM: cast spell 'Dispersal'
 55339 | Depths:2 | XOM: smoke on damage
 55374 | Depths:1 | XOM: enchant monster (bad)
 55390 | Depths:1 | Reached skill level 5 in Polearms
 55397 | Depths:1 | XOM: summons 2 friendly demons
 55398 | Depths:1 | XOM: enchant monster (bad)
 55464 | Depths:2 | XOM: potion effect (curing)
 55484 | Depths:2 | XOM: divination: detect items
 55487 | Depths:2 | XOM: confuse monster(s)
 55503 | Depths:2 | Found a one-way gate to the infinite horrors of the Abyss.
 55530 | Depths:2 | XOM: noise
 55548 | Depths:2 | Found a one-way gate leading to the halls of Pandemonium.
 55581 | Depths:2 | XOM: potion effect (might)
 55583 | Depths:2 | XOM: confuse monster(s)
 55620 | Depths:2 | Noticed the Enchantress
 55625 | Depths:2 | XOM: cast spell 'Cause Fear'
 55641 | Depths:2 | XOM: enchant monster (bad)
 55646 | Depths:2 | Killed the Enchantress
 55649 | Depths:2 | XOM: cast spell 'Alistair's Intoxication'
 55654 | Depths:2 | XOM: divination: magic mapping
 55702 | Depths:2 | Found a one-way gateway to a ziggurat.
 55818 | Depths:2 | XOM: confuse monster(s)
 55824 | Depths:2 | XOM: noise
 55825 | Depths:2 | XOM: scenery: 1 doors close
 55964 | Depths:2 | XOM: god gift: plate armour {god gift}
 56007 | Depths:2 | Found Voitzi's Distillery.
 56032 | Depths:2 | Bought a potion of resistance for 130 gold pieces
 56032 | Depths:2 | Bought a potion of invisibility for 104 gold pieces
 56032 | Depths:2 | Bought a potion of brilliance for 52 gold pieces
 56032 | Depths:2 | Bought a potion of curing for 39 gold pieces
 56032 | Depths:2 | Bought a potion of curing for 39 gold pieces
 56032 | Depths:2 | Bought a potion of might for 52 gold pieces
 56268 | Depths:3 | XOM: god gift: 45 gold pieces
 56297 | Depths:3 | Noticed Boris
 56310 | Depths:3 | Killed Boris
 56340 | Depths:3 | XOM: god gift: scroll of immolation
 56414 | Depths:3 | XOM: give mutations
 56414 | Depths:3 | Lost mutation: You have hidden genetic potential. [Xom's
                  | grace]
 56414 | Depths:3 | Gained mutation: You are somewhat resistant to further
                  | mutation. [Xom's grace]
 56414 | Depths:3 | Gained mutation: You have sharp fingernails. [Xom's grace]
 56414 | Depths:3 | Gained mutation: You have very sharp fingernails. [Xom's
                  | grace]
 56414 | Depths:3 | Lost mutation: You are somewhat resistant to further
                  | mutation. [Xom's grace]
 56414 | Depths:3 | Gained mutation: You have hidden genetic potential. [Xom's
                  | grace]
 56494 | Depths:3 | XOM: polymorph frost giant -> acid blob
 56519 | Depths:3 | XOM: cast spell 'Summon Cactus Giant'
 56541 | Depths:3 | XOM: destruction
 56573 | Depths:3 | XOM: fog
 56580 | Depths:3 | Noticed a juggernaut
 56582 | Depths:3 | XOM: scenery: summon butterflies
 56584 | Depths:3 | XOM: 3-stop teleportation journey
 56586 | Depths:3 | Noticed a dread lich
 56590 | Depths:3 | XOM: potion effect (invisibility)
 56594 | Depths:3 | Killed a dread lich
 56596 | Depths:3 | XOM: cast spell 'Summon Ice Beast'
 56611 | Depths:3 | XOM: scenery: create altars
 56612 | Depths:3 | Reached XP level 27. HP: 270/270 MP: 0/0
 56612 | Depths:3 | Learned a level 9 spell: Death's Door
 56617 | Depths:3 | XOM: potion effect (attraction)
 56645 | Depths:3 | XOM: destruction
 56656 | Depths:3 | XOM: divination: magic mapping
 56668 | Depths:3 | Killed a juggernaut
 56696 | Depths:3 | XOM: polymorph necromancer -> salamander
 56772 | Depths:3 | XOM: confuse monster(s)
 56825 | Depths:3 | Found a runed translucent door.
 57038 | Depths:3 | Identified the orb of Bitaefre {*channel, Will+}
 57038 | Depths:3 | Noticed Frederick
 57048 | Depths:3 | XOM: summons friendly white imp
 57050 | Depths:3 | XOM: enchant monster (bad)
 57059 | Depths:3 | Killed Frederick
 57108 | Depths:3 | XOM: 3-stop teleportation journey
 57741 | Depths:4 | Entered Level 4 of the Depths
 57744 | Depths:4 | XOM: repel stairs
 57752 | Depths:4 | XOM: silly message
 57753 | Depths:4 | XOM: enchant monster (bad)
 57756 | Depths:4 | XOM: noise
 57760 | Depths:4 | XOM: polymorph tengu reaver -> storm dragon
 57768 | Depths:4 | XOM: cleaving
 57823 | Depths:4 | XOM: confuse monster(s)
 58006 | Depths:4 | Found a gate to the Realm of Zot.
 58051 | Depths:4 | Gained mutation: Your body sometimes deteriorates upon
                  | taking damage. [a shining eye]
 58169 | Depths:4 | XOM: chaos upgrade
 58171 | Depths:4 | XOM: divination: detect creatures
 58197 | Depths:4 | Gained mutation: You passively map the area around you.
                  | [hidden potential]
 58261 | Depths:4 | XOM: 2-stop teleportation journey
 58270 | Depths:4 | XOM: 1-stop teleportation journey
 58278 | Depths:4 | XOM: torment (178/271 hp)
 58311 | Depths:4 | XOM: give mutation
 58311 | Depths:4 | Lost mutation: Your spells are much harder to cast, but
                  | much more powerful. [Xom's mischief]
 58315 | Depths:4 | Found Luiqusax's Jewellery Shop.
 58316 | Depths:4 | Found Roisiur's Book Emporium.
 58316 | Depths:4 | Found Dixtikhumu's Book Emporium.
 58547 | Depths:4 | Noticed a juggernaut
 58564 | Depths:4 | Killed a juggernaut
 58598 | Depths:4 | XOM: give mutations
 58598 | Depths:4 | Lost mutation: You have a pair of large horns on your head.
                  | [Xom's mischief]
 58598 | Depths:4 | Lost mutation: Your body sometimes deteriorates upon taking
                  | damage. [Xom's mischief]
 58598 | Depths:4 | Lost mutation: You regenerate. [Xom's mischief]
 58688 | Depths:2 | XOM: summons 4 hostile shadow creatures
 58863 | Zot:1    | Entered Level 1 of the Realm of Zot
 58928 | Zot:1    | XOM: blink monster(s)
 58946 | Zot:1    | XOM: summons 2 friendly demons
 58984 | Zot:1    | XOM: 4-stop teleportation journey
 59101 | Zot:1    | XOM: polymorph golden dragon -> green ugly thing
 59204 | Zot:1    | Acquired a manual of Summonings
 59206 | Zot:1    | XOM: give mutations
 59206 | Zot:1    | Gained mutation: You have supernaturally acute eyesight.
                  | (SInv) [Xom's grace]
 59206 | Zot:1    | Gained mutation: Your spells are much harder to cast, but
                  | much more powerful. [Xom's grace]
 59288 | Zot:1    | Identified the +0 leather armour of Polytheism {Rampage rF+
                  | rC+}
 59359 | Zot:1    | XOM: scenery: summon butterflies
 59414 | Zot:1    | Identified the +1 helmet of Impressiveness {Slay+6}
 59429 | Zot:1    | XOM: scenery: create altars
 59487 | Zot:1    | XOM: divine lightning
 59661 | Depths:2 | Upgraded the game from 0.31-a0-1576-ga3383bade6 to
                  | 0.31-a0-1589-g8f5e8aebd6
 59827 | D:11     | XOM: god gift: condenser vane
 60038 | Lair:5   | XOM: noise
 60046 | Lair:5   | Found a staircase to the Slime Pits.
 60085 | Slime:1  | Entered Level 1 of the Pits of Slime
 60104 | Slime:1  | XOM: enchant monster (good)
 60117 | Slime:1  | XOM: swap monsters
 60119 | Slime:1  | XOM: potion effect (brilliance)
 60615 | Slime:2  | XOM: noise
 60635 | Slime:1  | XOM: repel stairs
 60655 | Slime:1  | XOM: cleaving
 60708 | Slime:2  | XOM: enchant monster (good)
 60717 | Slime:2  | Lost mutation: You heal very quickly. [a shining eye]
 60733 | Slime:3  | Noticed Dissolution
 60752 | Slime:2  | Killed Dissolution
 60833 | Slime:4  | XOM: divination: magic mapping
 60838 | Slime:5  | Entered Level 5 of the Pits of Slime
 60878 | Slime:5  | Noticed the Royal Jelly
 60900 | Slime:5  | XOM: cleaving
 60913 | Slime:5  | XOM: divination: detect creatures
 60919 | Slime:5  | Killed the Royal Jelly
 60953 | Slime:5  | XOM: give mutations
 60953 | Slime:5  | Lost mutation: You are highly strong-willed. (Will++)
                  | [Xom's mischief]
 60953 | Slime:5  | Lost mutation: You are completely covered in iridescent
                  | scales. (AC +6) [Xom's mischief]
 60953 | Slime:5  | Lost mutation: You have a pair of horns on your head.
                  | [Xom's mischief]
 60953 | Slime:5  | Lost mutation: Your spells are much harder to cast, but
                  | much more powerful. [Xom's mischief]
 60989 | Slime:5  | Identified the +9 falchion "Omnisiu" {flame, rElec rN+ MP+9
                  | Dex-2}
 61002 | Slime:5  | XOM: cleaving
 61008 | Slime:5  | Identified the +1 quarterstaff "Elirchun" {protect, rF-
                  | Will++ Str+3 Stlth-}
 61009 | Slime:5  | Identified the staff of Puwak {rF+ rC+ Ice}
 61025 | Slime:5  | Lost mutation: Your mind is very acute. (Int +8, Str/Dex
                  | -2) [a shining eye]
 61042 | Slime:5  | XOM: enchant monster (good)
 61116 | Slime:5  | Got a slimy rune of Zot
 61126 | Slime:5  | XOM: god gift: robe {god gift}
 61491 | Depths:1 | XOM: divination: detect creatures
 61551 | Zig:1    | Entered Level 1 of a ziggurat
 61576 | Zig:2    | Entered Level 2 of a ziggurat
 61607 | Zig:3    | Entered Level 3 of a ziggurat
 61629 | Zig:3    | Identified the +1 robe of the Dice {Regen+ Dex+6}
 61631 | Zig:4    | Entered Level 4 of a ziggurat
 61679 | Zig:5    | Entered Level 5 of a ziggurat
 61685 | Zig:5    | XOM: fake destruction
 61726 | Zig:5    | XOM: god gift: book of Unlife
 61729 | Zig:6    | Entered Level 6 of a ziggurat
 61738 | Zig:6    | XOM: destruction
 61747 | Zig:6    | XOM: cleaving
 61748 | Zig:6    | XOM: scenery: summon butterflies
 61765 | Zig:6    | XOM: divination: magic mapping
 61785 | Zig:7    | Entered Level 7 of a ziggurat
 61796 | Zig:7    | XOM: scenery: summon butterflies
 61808 | Zig:7    | XOM: blink monster(s)
 61809 | Zig:7    | XOM: silly message
 61816 | Zig:7    | XOM: swap monsters
 61817 | Zig:7    | XOM: divination: detect items
 61819 | Zig:7    | XOM: divination: detect items
 61853 | Zig:7    | Identified the +2 long sword of the Blind Eye {vamp, Dex+3}
 61878 | Zig:8    | Entered Level 8 of a ziggurat
 61919 | Zig:8    | Identified the +10 battleaxe "Ichoru Tenea" {drain, rC+
                  | rN++ Will+}
 61945 | Zig:9    | Entered Level 9 of a ziggurat
 61946 | Zig:9    | XOM: noise
 61957 | Zig:9    | XOM: silly message
 62012 | Zig:10   | Entered Level 10 of a ziggurat
 62019 | Zig:10   | XOM: summons 2 friendly demons
 62026 | Zig:10   | Gained mutation: You are completely covered in iridescent
                  | scales. (AC +6) [hidden potential]
 62026 | Zig:10   | Lost mutation: You have hidden genetic potential. [hidden
                  | potential expressed]
 62032 | Zig:10   | Identified the ring "Puifeong" {rF+ rC+}
 62033 | Zig:10   | XOM: give mutations
 62033 | Zig:10   | Gained mutation: You have claws for hands. [Xom's grace]
 62033 | Zig:10   | Gained mutation: Your spells are much harder to cast, but
                  | much more powerful. [Xom's grace]
 62033 | Zig:10   | Gained mutation: You passively map a large area around you.
                  | [Xom's grace]
 62034 | Zig:10   | Identified the +1 chain mail of the Valley of Death {rF-
                  | Int+6}
 62043 | Zig:10   | Identified the staff of Pufusm {rPois Str+3 Earth}
 62049 | Zig:10   | Identified the +2 mace "Finaisy" {antimagic, *Rage rC+
                  | Int+2}
 62068 | Zig:10   | XOM: god gift: dagger {god gift}
 62069 | Zig:11   | Entered Level 11 of a ziggurat
 62078 | Zig:11   | Noticed a dread lich
 62078 | Zig:11   | Noticed an ancient lich
 62100 | Zig:11   | Killed an ancient lich
 62332 | Hell     | Entered the Vestibule of Hell
 62332 | Hell     | Noticed Geryon
 62332 | Hell     | XOM: 4-stop teleportation journey
 62354 | Depths:2 | XOM: enchant monster (bad)
 62368 | Depths:2 | Reached skill level 10 in Polearms
 62394 | Depths:2 | XOM: summons 1 hostile demon
 62412 | Depths:2 | XOM: polymorph hell knight -> hell knight
 62442 | Hell     | XOM: fake destruction
 62445 | Depths:2 | XOM: enchant monster (good)
 62446 | Depths:2 | XOM: polymorph hell knight -> tarantella
 62519 | Hell     | XOM: blink monster(s)
 62527 | Depths:2 | XOM: noise
 62531 | Depths:2 | XOM: noise
 62553 | Depths:2 | XOM: blink monster(s)
 62600 | Hell     | XOM: confuse monster(s)
 62610 | Hell     | XOM: cast spell 'Fugue of the Fallen'
 62611 | Hell     | XOM: silly message
 62623 | Hell     | XOM: confuse monster(s)
 62651 | Hell     | XOM: cast spell 'Olgreb's Toxic Radiance'
 62652 | Hell     | XOM: cast spell 'Alistair's Intoxication'
 62744 | Hell     | XOM: confuse monster(s)
 62749 | Hell     | XOM: enchant monster (good)
 62760 | Hell     | XOM: enchant monster (good)
 62792 | Hell     | XOM: destruction
 62805 | Hell     | XOM: noise
 62817 | Hell     | Killed Geryon
 62827 | Hell     | Noticed Murray
 62834 | Hell     | XOM: summons friendly iron imp
 62841 | Hell     | XOM: summons 3 friendly demons
 62849 | Hell     | XOM: noise
 62970 | Hell     | XOM: confuse monster(s)
 62980 | Hell     | Killed Murray
 63093 | Hell     | Found a gateway to the freezing wastes of Cocytus.
 63171 | Hell     | Found a gateway to the decaying netherworld of Tartarus.
 63293 | Hell     | Found a gateway to the ashen valley of Gehenna.
 63338 | Hell     | Found a gateway to the Iron City of Dis.
 63355 | Hell     | XOM: 1-stop teleportation journey
 63418 | Hell     | XOM: summons 3 hostile demons
 63462 | Tar:1    | Entered Level 1 of Tartarus
 63618 | Tar:1    | XOM: fog
 63809 | Tar:1    | XOM: enchant monster (bad)
 64023 | Tar:2    | XOM: give mutations
 64023 | Tar:2    | Lost mutation: You have a pair of small horns on your head.
                  | [Xom's mischief]
 64023 | Tar:2    | Lost mutation: Your spells are much harder to cast, but
                  | much more powerful. [Xom's mischief]
 64023 | Tar:2    | Lost mutation: You are very agile. (Dex +8, Str/Int -2)
                  | [Xom's mischief]
 64023 | Tar:2    | Lost mutation: You passively map a large area around you.
                  | [Xom's mischief]
 64294 | Vaults:3 | Identified the +2 helmet of Failure {Will+ Str-5 Int+7}
 64572 | Zot:1    | XOM: summons 4 hostile demons
 64739 | Zot:2    | a green draconian monk changed into a juggernaut
 64739 | Zot:2    | Noticed a juggernaut
 64739 | Zot:2    | XOM: polymorph green draconian monk -> juggernaut
 64744 | Zot:2    | Killed a juggernaut
 64820 | Zot:2    | XOM: summons 15 friendly demons
 64883 | Zot:2    | XOM: chaos cloud
 64884 | Zot:2    | XOM: 2-stop teleportation journey
 64961 | Zot:2    | Noticed a Killer Klown
 64984 | Zot:2    | XOM: 3-stop teleportation journey
 65105 | Zot:2    | You are sucked into a shaft and drop 2 floors!
 65112 | Zot:4    | XOM: enchant monster (bad)
 65122 | Zot:4    | XOM: swap monsters
 65406 | Zot:4    | XOM: stat loss: -1 Int (25/26)
 65529 | Zot:4    | XOM: summons friendly iron imp
 65551 | Zot:4    | XOM: enchant monster (bad)
 65553 | Zot:4    | XOM: blink monster(s)
 65939 | Zot:4    | XOM: stat loss: -1 Int (25/26)
 65959 | Zot:4    | XOM: polymorph tyrant leech -> minotaur
 65969 | Zot:4    | Reached skill level 15 in Shields
 65987 | Zot:4    | Found the +7 great mace "Firestarter" {flame, immolate,
                  | rFlCloud rF++}
 66051 | Zot:4    | XOM: 3-stop teleportation journey
 66429 | Zot:3    | XOM: enchant monster (good)
 66432 | Zot:3    | XOM: polymorph moth of wrath -> glass eye
 66434 | Zot:3    | XOM: silly message
 66552 | Zot:3    | XOM: enchant monster (bad)
 66594 | Zot:3    | XOM: silly message
 66663 | Zot:3    | XOM: chaos cloud
 66671 | Zot:3    | XOM: enchant monster (good)
 66719 | Zot:3    | XOM: scenery: 2 doors open, 1 doors close
 67015 | Zot:3    | XOM: cast spell 'Summon Dragon'
 67155 | Zot:3    | XOM: enchant monster (good)
 67219 | Zot:3    | XOM: cast spell 'Leda's Liquefaction'
 67311 | Zot:3    | Identified the +7 flail of the Zealous God {vamp, rF+ rC+}
 67396 | Zot:3    | XOM: cloud trail
 67438 | Zot:3    | XOM: polymorph purple draconian -> wind drake
 67442 | Zot:3    | XOM: cast spell 'Metabolic Englaciation'
 67467 | Zot:3    | XOM: summons 4 friendly demons
 67469 | Zot:3    | XOM: enchant monster (good)
 67490 | Zot:3    | XOM: confuse monster(s)
 67635 | Zot:2    | Noticed a Killer Klown
 67636 | Zot:2    | XOM: confuse monster(s)
 67644 | Zot:2    | XOM: divination: detect creatures
 67654 | Zot:2    | Killed a Killer Klown
 67657 | Zot:2    | XOM: summons 4 friendly demons
 67676 | Zot:2    | XOM: enchant monster (good)
 67696 | Zot:2    | Killed a Killer Klown
 68588 | Tar:2    | XOM: scenery: 2 doors open, 2 doors close
 68745 | Tar:2    | XOM: summons friendly shadow imp
 68746 | Tar:2    | XOM: polymorph shadow imp -> iron imp
 68804 | Tar:2    | XOM: smoke on damage
 68871 | Tar:2    | XOM: summons 14 friendly demons
 69038 | Tar:3    | Noticed a dread lich
 69040 | Tar:3    | XOM: polymorph doom hound -> wendigo
 69050 | Tar:3    | Paralysed by a dread lich for 5 turns
 69056 | Tar:3    | XOM: destruction
 69058 | Tar:3    | XOM: divine lightning
 69059 | Tar:3    | Killed a dread lich
 69088 | Tar:3    | XOM: god gift: wand of mindburst (4)
 69089 | Tar:3    | XOM: give mutations
 69089 | Tar:3    | Gained mutation: You are resistant to electric shocks.
                  | (rElec) [Xom's grace]
 69089 | Tar:3    | Gained mutation: Your mind is very acute. (Int +8, Str/Dex
                  | -2) [Xom's grace]
 69209 | Tar:3    | XOM: give mutation
 69209 | Tar:3    | Gained mutation: You have a pair of small horns on your
                  | head. [Xom's grace]
 69355 | Tar:4    | XOM: enchant monster (bad)
 69505 | Tar:4    | XOM: summons friendly ufetubus
 69931 | Tar:5    | Reached skill level 15 in Polearms
 69948 | Tar:5    | XOM: 4-stop teleportation journey
 70038 | Tar:6    | XOM: smoke on damage
 70208 | Tar:6    | XOM: smoke on damage
 70331 | Tar:6    | XOM: summons 9 hostile demons
 70404 | Tar:6    | XOM: give mutation
 70404 | Tar:6    | Lost mutation: You are strong-willed. (Will+) [Xom's
                  | mischief]
 70634 | Tar:7    | Entered Level 7 of Tartarus
 70660 | Tar:7    | XOM: confuse monster(s)
 70675 | Tar:7    | XOM: 1-stop teleportation journey
 70730 | Tar:7    | Identified the amulet "Fesmefad" {Spirit rPois rN+ Will+
                  | Int+3}
 70749 | Tar:7    | XOM: cast spell 'Metabolic Englaciation'
 70917 | Tar:7    | Identified the amulet of Hanesuo {Faith rN+}
 70989 | Tar:7    | XOM: cloud trail
 71002 | Tar:7    | Noticed Ereshkigal
 71004 | Tar:7    | XOM: confuse monster(s)
 71012 | Tar:7    | XOM: divination: detect creatures
 71022 | Tar:7    | XOM: scenery: create altars
 71030 | Tar:7    | XOM: enchant monster (good)
 71041 | Tar:7    | XOM: noise
 71064 | Tar:7    | XOM: confuse monster(s)
 71065 | Tar:7    | XOM: confuse monster(s)
 71086 | Tar:7    | XOM: summons friendly iron imp
 71103 | Tar:7    | Killed Ereshkigal
 71419 | Tar:7    | Got a bone rune of Zot
 71516 | Tar:7    | XOM: divination: detect creatures
 71617 | Tar:7    | XOM: give mutation
 71617 | Tar:7    | Lost mutation: You are agile. (Dex +4, Str/Int -1) [Xom's
                  | mischief]
 71642 | Tar:7    | Reached skill level 15 in Long Blades
 71756 | Tar:7    | Noticed an ancient lich
 71758 | Tar:7    | XOM: divination: magic mapping
 71765 | Tar:7    | XOM: divination: magic mapping
 71771 | Tar:7    | Killed an ancient lich
 71847 | Tar:7    | XOM: cast spell 'Animate Armour'
 71850 | Tar:7    | XOM: fake destruction
 71861 | Tar:7    | XOM: divination: magic mapping
 72415 | Tar:7    | XOM: 1-stop teleportation journey
 73095 | Tar:7    | XOM: butterfly on damage
 73306 | Tar:7    | XOM: summons friendly shadow imp
 73543 | Tar:7    | XOM: give mutations
 73543 | Tar:7    | Gained mutation: You are strong-willed. (Will+) [Xom's
                  | grace]
 73543 | Tar:7    | Gained mutation: You are somewhat resistant to further
                  | mutation. [Xom's grace]
 73543 | Tar:7    | Gained mutation: Your skin changes colour to match your
                  | surroundings (Stealth+). [Xom's grace]
 73600 | Tar:7    | XOM: divine lightning
 73620 | Tar:7    | XOM: polymorph Tzitzimitl -> tentacled monstrosity
 73755 | Tar:7    | XOM: cast spell 'Disjunction'
 73873 | Tar:7    | Found the +5 moon troll leather armour {Spirit, Regen++
                  | MP+5}
 73875 | Tar:7    | XOM: divine lightning
 73910 | Tar:7    | XOM: god gift: wand of roots (5)
 73925 | Tar:7    | Found the ring of Shadows {Umbra +Inv Stlth+}
 73980 | Tar:7    | Identified the +12 flail of Qagof {freeze, rF+ Int+2
                  | Stlth+}
 74015 | Tar:7    | XOM: summons friendly crimson imp
 74041 | Tar:7    | XOM: polymorph crimson imp -> cerulean imp
 74065 | Tar:7    | Identified the +2 quarterstaff "Kitrych" {freeze, Int+3
                  | Dex+2}
 74068 | Tar:7    | Identified the staff of Sukh {rC+ rN+ rCorr Dex-4 Conj
                  | Necro}
 74161 | Geh:1    | Entered Level 1 of Gehenna
 74228 | Geh:1    | XOM: destruction
 74229 | Geh:1    | XOM: summons friendly shadow imp
 74245 | Geh:1    | XOM: blink monster(s)
 74263 | Geh:1    | XOM: blink monster(s)
 74493 | Geh:1    | XOM: scenery: create altars
 74553 | Geh:1    | XOM: give mutations
 74553 | Geh:1    | Gained mutation: You are partially covered in large bone
                  | plates. (SH +4) [Xom's grace]
 74639 | Geh:2    | XOM: fog
 74654 | Geh:2    | XOM: destruction
 74656 | Geh:2    | XOM: cast spell 'Cause Fear'
 74661 | Geh:2    | XOM: scenery: create altars
 74937 | Geh:3    | XOM: cleaving
 74953 | Geh:3    | XOM: divination: detect creatures
 74957 | Geh:3    | XOM: 3-stop teleportation journey
 74998 | Geh:3    | XOM: scenery: create altars
 75029 | Geh:3    | XOM: summons friendly shadow imp
 75096 | Geh:3    | XOM: polymorph shadow imp -> ufetubus
 75396 | Geh:4    | XOM: enchant monster (good)
 75401 | Geh:4    | XOM: cleaving
 75433 | Geh:4    | XOM: divine lightning
 76071 | Geh:6    | XOM: fake destruction
 76115 | Geh:6    | XOM: enchant monster (good)
 76171 | Hell     | XOM: scenery: 2 fountains blood, 3 doors close
 76380 | Geh:6    | XOM: 1-stop teleportation journey
 76450 | Geh:6    | XOM: god gift: scroll of immolation
 76462 | Geh:6    | XOM: butterfly on damage
 76640 | Geh:6    | XOM: scenery: summon butterflies
 76643 | Geh:6    | XOM: enchant monster (good)
 76751 | Geh:6    | XOM: god gift: chain mail {god gift}
 76838 | Geh:7    | Entered Level 7 of Gehenna
 76862 | Geh:7    | XOM: cast spell 'Discord'
 77149 | Geh:7    | XOM: 2-stop teleportation journey
 77155 | Geh:7    | XOM: enchant monster (bad)
 77358 | Geh:7    | Identified the amulet of Yhuicid {rElec rPois Regen+}
 77432 | Geh:7    | Found the +13 sceptre of Asmodeus
 77432 | Geh:7    | Noticed Asmodeus
 77434 | Geh:7    | XOM: butterfly on damage
 77538 | Geh:7    | XOM: noise
 77695 | Geh:7    | XOM: swap monsters
 77740 | Geh:7    | XOM: torment (185/283 hp)
 77762 | Geh:7    | XOM: blink monster(s)
 77782 | Geh:7    | XOM: summons 4 hostile demons
 77799 | Geh:7    | XOM: 1-stop teleportation journey
 78122 | Geh:7    | XOM: give mutation
 78122 | Geh:7    | Lost mutation: Your mind is very acute. (Int +8, Str/Dex
                  | -2) [Xom's mischief]
 78361 | Geh:7    | Identified the +5 broad axe of Cyfol {holy, *Rage rC+
                  | Will++ Str+3}
 78389 | Geh:7    | XOM: stat loss: -1 Int (22/23)
 78446 | Geh:7    | XOM: chaos cloud
 78532 | Geh:7    | XOM: polymorph Asmodeus -> Asmodeus
 78538 | Geh:7    | XOM: polymorph balrug -> shadow demon
 78560 | Geh:7    | XOM: swap monsters
 78573 | Geh:7    | Killed Asmodeus
 78587 | Geh:7    | Got an obsidian rune of Zot
 78802 | Geh:7    | XOM: scenery: summon butterflies
 78845 | Coc:1    | Entered Level 1 of Cocytus
 78969 | Depths:2 | XOM: god gift: 16 gold pieces
 79044 | Hell     | XOM: potion effect (experience)
 79131 | Coc:1    | XOM: butterfly on damage
 79131 | Coc:1    | XOM: smoke on damage
 79133 | Coc:1    | XOM: fake destruction
 79260 | Coc:1    | XOM: cast spell 'Metabolic Englaciation'
 79626 | Coc:2    | Paralysed by a wendigo for 1 turns
 79642 | Coc:2    | Paralysed by a wendigo for 1 turns
 79889 | Coc:3    | XOM: confuse monster(s)
 79890 | Coc:3    | Noticed a shard shrike
 79891 | Coc:3    | Noticed a shard shrike
 79900 | Coc:3    | Killed a shard shrike
 79902 | Coc:3    | XOM: confuse monster(s)
 79903 | Coc:3    | XOM: blink monster(s)
 79905 | Coc:3    | Noticed an ancient lich
 79908 | Coc:3    | Killed a shard shrike
 79935 | Coc:3    | XOM: divination: detect items
 79954 | Coc:3    | XOM: cleaving
 79959 | Coc:3    | XOM: 1-stop teleportation journey
 80110 | Coc:3    | Killed an ancient lich
 80163 | Coc:3    | XOM: summons 14 hostile demons
 80323 | Coc:3    | XOM: divination: detect items
 80349 | Coc:4    | Noticed a shard shrike
 80352 | Coc:4    | XOM: confuse monster(s)
 80353 | Coc:4    | XOM: confuse monster(s)
 80358 | Coc:4    | Noticed a shard shrike
 80360 | Coc:4    | Noticed a shard shrike
 80368 | Coc:4    | Killed a shard shrike
 80372 | Coc:4    | XOM: smoke on damage
 80375 | Coc:4    | Noticed a shard shrike
 80377 | Coc:4    | Killed a shard shrike
 80378 | Coc:4    | Killed a shard shrike
 80387 | Coc:4    | Killed a shard shrike
 80391 | Coc:4    | XOM: fake destruction
 80727 | Coc:4    | XOM: noise
 80750 | Coc:4    | XOM: fake destruction
 80899 | Dis:1    | Entered Level 1 of the Iron City of Dis
 81098 | Dis:1    | XOM: summons friendly white imp
 81222 | Dis:1    | XOM: smoke on damage
 81419 | Dis:1    | XOM: god gift: robe {god gift}
 81420 | Dis:1    | XOM: summons 2 hostile shadow creatures
 81465 | Dis:1    | XOM: noise
 81847 | Dis:2    | XOM: give mutations
 81847 | Dis:2    | Gained mutation: You heal very quickly. [Xom's grace]
 81847 | Dis:2    | Gained mutation: You are agile. (Dex +4, Str/Int -1) [Xom's
                  | grace]
 81847 | Dis:2    | Gained mutation: You regenerate. [Xom's grace]
 81847 | Dis:2    | Lost mutation: You are somewhat resistant to further
                  | mutation. [Xom's grace]
 81847 | Dis:2    | Gained mutation: You have hidden genetic potential. [Xom's
                  | grace]
 81879 | Dis:3    | XOM: summons 7 friendly demons
 81884 | Dis:3    | XOM: fake destruction
 81974 | Dis:3    | XOM: cloud trail
 81999 | Dis:4    | XOM: polymorph quicksilver dragon -> ghost moth
 82017 | Hell     | XOM: repel stairs
 82025 | Hell     | XOM: cleaving
 82031 | Hell     | XOM: cleaving
 82049 | Hell     | XOM: give mutations
 82049 | Hell     | Gained mutation: You passively dampen the noise of your
                  | surroundings. [Xom's grace]
 82049 | Hell     | Gained mutation: You are very agile. (Dex +8, Str/Int -2)
                  | [Xom's grace]
 82049 | Hell     | Gained mutation: You are covered in fur. (AC +1) [Xom's
                  | grace]
 82200 | Pan      | Entered Pandemonium
 82303 | Pan      | Gained mutation: You occasionally lose the ability to read
                  | scrolls when taking damage. [a neqoxec]
 82303 | Pan      | Noticed Xipp the pandemonium lord
 82308 | Pan      | XOM: polymorph Xipp -> Xipp
 82315 | Pan      | Killed Xipp the pandemonium lord
 82322 | Pan      | XOM: god gift: book of Beasts
 82352 | Pan      | Found an exit through the horrors of the Abyss.
 82505 | Pan      | Noticed Unimeof the pandemonium lord
 82518 | Pan      | XOM: scenery: summon butterflies
 82519 | Pan      | XOM: noise
 82541 | Pan      | Killed Unimeof the pandemonium lord
 82573 | Pan      | XOM: give mutation
 82573 | Pan      | Lost mutation: You are very agile. (Dex +8, Str/Int -2)
                  | [Xom's mischief]
 82592 | Pan      | XOM: summons 6 friendly demons
 82607 | Pan      | Entered the realm of Cerebov.
 82885 | Pan      | XOM: summons 6 friendly demons
 83118 | Pan      | XOM: destruction
 83167 | Pan      | XOM: fog
 83190 | Pan      | Identified the amulet "Pastu" {rF+ Will+ Regen+ Dex+3 SInv}
 83194 | Pan      | Identified the ring of Greed {*Slow rElec rCorr Dex-5 SInv}
 83225 | Pan      | Identified the +1 pair of boots of Lirruod {-Tele rElec
                  | Will+++ SInv}
 83252 | Pan      | Identified the +0 buckler of Exclusion {Rampage}
 83280 | Pan      | Identified the +6 hand axe "Wiott" {flame, rPois rC+ rCorr
                  | Int-5}
 83308 | Pan      | Identified the +2 chain mail "Hasheffo" {rF+}
 83394 | Pan      | Found the +6 sword of Cerebov {flame}
 83394 | Pan      | Noticed Cerebov
 83413 | Pan      | XOM: chaos upgrade
 83434 | Pan      | XOM: potion effect (might)
 83440 | Pan      | XOM: cast spell 'Chain of Chaos'
 83537 | Pan      | Killed Cerebov
 83596 | Pan      | Got a fiery rune of Zot
 83763 | Pan      | XOM: summons 12 friendly demons
 83766 | Pan      | XOM: scenery: summon butterflies
 83769 | Pan      | XOM: cleaving
 83815 | Pan      | XOM: summons 2 friendly demons
 83829 | Pan      | XOM: swap monsters
 83882 | Pan      | Found an exit through the horrors of the Abyss.
 83926 | Pan      | Found a runed translucent door.
 83941 | Pan      | XOM: enchant monster (bad)
 84171 | Pan      | XOM: enchant monster (bad)
 84189 | Pan      | XOM: enchant monster (bad)
 84211 | Pan      | XOM: summons friendly iron imp
 84213 | Pan      | XOM: 7-stop teleportation journey
 84231 | Pan      | XOM: noise
 84250 | Pan      | Noticed Faoh the pandemonium lord
 84256 | Pan      | XOM: 3-stop teleportation journey
 84306 | Pan      | XOM: stat loss: -1 Str (21/22)
 84410 | Pan      | Identified the +1 helmet of the Sparrow {rF- Regen+ rCorr
                  | Str+5}
 84527 | Pan      | XOM: 1-stop teleportation journey
 84544 | Pan      | Gained mutation: You are highly strong-willed. (Will++)
                  | [hidden potential]
 84553 | Pan      | XOM: potion effect (invisibility)
 84738 | Pan      | XOM: noise
 84842 | Pan      | Found a runed translucent door.
 84973 | Pan      | Noticed Pacam the pandemonium lord
 84993 | Pan      | Killed Pacam the pandemonium lord
 85116 | Pan      | XOM: divination: detect creatures
 85120 | Pan      | XOM: summons friendly quasit
 85248 | Pan      | XOM: enchant monster (good)
 85258 | Pan      | XOM: divination: magic mapping
 85262 | Pan      | XOM: confuse monster(s)
 85431 | Depths:2 | Escaped Pandemonium
 85433 | Pan      | Entered the realm of Gloorx Vloq.
 85433 | Pan      | Entered Pandemonium
 85509 | Pan      | XOM: enchant monster (good)
 85650 | Pan      | Found a corrupted altar of Lugonu.
 85838 | Pan      | XOM: summons 3 hostile shadow creatures
 85841 | Pan      | XOM: silly message
 85913 | Pan      | XOM: divination: detect items
 85916 | Pan      | XOM: cast spell 'Summon Mana Viper'
 86105 | Pan      | XOM: fog
 86154 | Pan      | XOM: polymorph demonspawn black sun -> eleionoma
 86235 | Pan      | XOM: summons friendly shadow imp
 86282 | Pan      | XOM: confuse monster(s)
 86310 | Pan      | XOM: summons 10 friendly demons
 86313 | Pan      | Noticed Gloorx Vloq
 86331 | Pan      | Killed Gloorx Vloq
 86428 | Pan      | Got a dark rune of Zot
 86433 | Pan      | XOM: scenery: create altars
 86569 | Pan      | Gained mutation: You are extremely strong-willed. (Will+++)
                  | [hidden potential]
 86569 | Pan      | Lost mutation: You have hidden genetic potential. [hidden
                  | potential expressed]
 86758 | Pan      | XOM: silly message
 86807 | Pan      | XOM: 3-stop teleportation journey
 86945 | Pan      | Found an exit through the horrors of the Abyss.
 86948 | Pan      | XOM: enchant monster (good)
 86949 | Pan      | Entered the realm of Mnoleg.
 86949 | Pan      | XOM: stealth player
 86960 | Pan      | XOM: 1-stop teleportation journey
 86983 | Pan      | Lost mutation: Your muscles are very strong. (Str +8,
                  | Int/Dex -2) [a cacodemon]
 87052 | Pan      | XOM: divination: detect creatures
 87086 | Pan      | XOM: polymorph great orb of eyes -> shapeshifter
 87164 | Pan      | Lost mutation: You expend health (3 HP) to strengthen your
                  | wands. [mutagenic glow]
 87354 | Pan      | Lost mutation: You are agile. (Dex +4, Str/Int -1) [a
                  | cacodemon]
 87514 | Pan      | XOM: potion effect (invisibility)
 87517 | Pan      | Noticed Mnoleg
 87518 | Pan      | XOM: divination: magic mapping
 87532 | Pan      | XOM: 2-stop teleportation journey
 87768 | Pan      | XOM: polymorph large abomination -> large abomination
 87779 | Pan      | XOM: blink monster(s)
 87781 | Pan      | XOM: 2-stop teleportation journey
 87868 | Pan      | Killed Mnoleg
 87908 | Pan      | Gained mutation: Your health recovers twice as slowly from
                  | being drained. [a cacodemon]
 87965 | Pan      | Got a glowing rune of Zot
 88351 | Pan      | Entered the realm of Lom Lobon.
 88354 | Pan      | XOM: polymorph shock serpent -> rime drake
 88357 | Pan      | XOM: give mutations
 88357 | Pan      | Lost mutation: You passively dampen the noise of your
                  | surroundings. [Xom's mischief]
 88357 | Pan      | Lost mutation: Your spells are harder to cast, but more
                  | powerful. [Xom's mischief]
 88357 | Pan      | Lost mutation: Your mind is acute. (Int +4, Str/Dex -1)
                  | [Xom's mischief]
 88363 | Pan      | XOM: summons 7 hostile demons
 88368 | Pan      | XOM: silly message
 88380 | Pan      | XOM: polymorph nagaraja -> iron giant
 88389 | Pan      | XOM: torment (189/289 hp)
 88390 | Pan      | XOM: silly message
 88407 | Pan      | XOM: silly message
 88620 | Pan      | Reached skill level 27 in Air Magic
 89057 | Pan      | XOM: 2-stop teleportation journey
 89324 | Pan      | XOM: fake destruction
 89368 | Pan      | Noticed Lom Lobon
 89370 | Pan      | XOM: blink monster(s)
 89403 | Pan      | XOM: swap monsters
 89415 | Pan      | Killed Lom Lobon
 89504 | Pan      | Got a magical rune of Zot
 89652 | Pan      | Found an exit through the horrors of the Abyss.
 89657 | Pan      | XOM: chaos upgrade
 89669 | Pan      | XOM: confuse monster(s)
 89686 | Pan      | XOM: blink monster(s)
 89697 | Pan      | XOM: chaos cloud
 89708 | Pan      | XOM: give mutation
 89708 | Pan      | Lost mutation: You are resistant to electric shocks.
                  | (rElec) [Xom's mischief]
 89847 | Pan      | XOM: blink monster(s)
 89975 | Pan      | Identified the +0 plate armour of Uskayaw's Approval
                  | {Rampage Regen+ rCorr Stlth+}
 90142 | Pan      | XOM: give mutations
 90142 | Pan      | Lost mutation: Your skin changes colour to match your
                  | surroundings (Stealth+). [Xom's mischief]
 90142 | Pan      | Lost mutation: You have claws for hands. [Xom's mischief]
 90142 | Pan      | Lost mutation: You are covered in fur. (AC +1) [Xom's
                  | mischief]
 90142 | Pan      | Lost mutation: You have very sharp fingernails. [Xom's
                  | mischief]
 90161 | Pan      | XOM: divination: magic mapping
 90164 | Pan      | Noticed Sinan the pandemonium lord
 90174 | Pan      | XOM: 1-stop teleportation journey
 90182 | Pan      | XOM: cleaving
 90188 | Pan      | XOM: summons friendly iron imp
 90199 | Pan      | XOM: potion effect (brilliance)
 90385 | Pan      | XOM: cloud trail
 90418 | Pan      | Found an exit through the horrors of the Abyss.
 90460 | Pan      | Noticed Sulagac the pandemonium lord
 90484 | Pan      | Found an exit through the horrors of the Abyss.
 90568 | Pan      | Noticed Nausmias the pandemonium lord
 90589 | Pan      | Killed Nausmias the pandemonium lord
 90591 | Pan      | XOM: god gift: rapier {god gift}
 90821 | Pan      | XOM: enchant monster (good)
 90842 | Pan      | XOM: confuse monster(s)
 90858 | Pan      | XOM: polymorph Ice Fiend -> hellephant
 91030 | Pan      | Found an exit through the horrors of the Abyss.
 91074 | Pan      | XOM: potion effect (might)
 91096 | Pan      | XOM: potion effect (haste)
 91218 | Pan      | XOM: potion effect (berserk rage)
 91237 | Pan      | Noticed Mennas
 91248 | Pan      | Killed Mennas
 91297 | Pan      | Gained mutation: You are dopey. (Int -2) [a cacodemon]
 91367 | Pan      | Identified the +0 leather armour of the Stone Wall {Str+3
                  | Int+3 Stlth-}
 91423 | Pan      | XOM: confuse monster(s)
 91459 | Pan      | XOM: potion effect (haste)
 91499 | Pan      | Found a runed translucent door.
 91603 | Pan      | XOM: silly message
 91691 | Pan      | XOM: noise
 91850 | Pan      | XOM: silly message
 92027 | Pan      | XOM: blink monster(s)
 92027 | Pan      | Lost mutation: You regenerate. [a cacodemon]
 92037 | Pan      | XOM: fog
 92130 | Pan      | XOM: god gift: +2 cloak of preservation
 92160 | Pan      | Found a runed translucent door.
 92176 | Pan      | Found a runed translucent door.
 92196 | Pan      | Found a runed translucent door.
 92198 | Pan      | Noticed Zirhuydgh the pandemonium lord
 92385 | Pan      | XOM: potion effect (attraction)
 92388 | Pan      | XOM: summons 3 friendly demons
 92443 | Pan      | Found an exit through the horrors of the Abyss.
 92524 | Pan      | Noticed Tajac the pandemonium lord
 92545 | Pan      | XOM: divination: detect items
 92737 | Pan      | XOM: summons 14 hostile demons
 92771 | Pan      | XOM: divination: detect creatures
 92776 | Pan      | Killed Tajac the pandemonium lord
 92802 | Pan      | XOM: summons 3 friendly demons
 92854 | Pan      | XOM: 1-stop teleportation journey
 92926 | Pan      | Got a demonic rune of Zot
 93179 | Pan      | Noticed Zoicerab the pandemonium lord
 93191 | Pan      | Killed Zoicerab the pandemonium lord
 93198 | Pan      | XOM: 8-stop teleportation journey
 93295 | Pan      | XOM: enchant monster (bad)
 93343 | Pan      | XOM: fog
 93553 | Pan      | Found an exit through the horrors of the Abyss.
 93561 | Pan      | Took an exit into the Abyss.
 93561 | Abyss:1  | Escaped into the Abyss
 93562 | Abyss:1  | Found a corrupted altar of Lugonu.
 93583 | Abyss:1  | Found a corrupted altar of Lugonu.
 93663 | Abyss:2  | Found a corrupted altar of Lugonu.
 93716 | Abyss:2  | XOM: swap monsters
 93797 | Abyss:2  | XOM: cloud trail
 93836 | Abyss:2  | XOM: summons friendly white imp
 93838 | Abyss:2  | XOM: swap monsters
 94131 | Abyss:2  | XOM: polymorph smoke demon -> hellion
 94144 | Abyss:2  | XOM: divination: detect items
 94153 | Abyss:2  | XOM: polymorph rakshasa -> cacodemon
 94197 | Abyss:3  | Found a corrupted altar of Lugonu.
 94198 | Abyss:3  | Found a corrupted altar of Lugonu.
 94303 | Abyss:3  | Found a corrupted altar of Lugonu.
 94416 | Abyss:3  | XOM: give mutations
 94416 | Abyss:3  | Lost mutation: Your flesh is almost immune to the effects
                  | of heat. (rF+++) [Xom's mischief]
 94416 | Abyss:3  | Lost mutation: You occasionally lose the ability to read
                  | scrolls when taking damage. [Xom's mischief]
 94416 | Abyss:3  | Lost mutation: You possess an exceptional clarity of mind.
                  | [Xom's mischief]
 94449 | Abyss:3  | XOM: enchant monster (bad)
 94568 | Abyss:3  | Found a corrupted altar of Lugonu.
 94871 | Abyss:3  | Found a corrupted altar of Lugonu.
 94906 | Abyss:3  | Reached skill level 27 in Fighting
 94968 | Abyss:3  | XOM: give mutations
 94968 | Abyss:3  | Lost mutation: You passively map the area around you.
                  | [Xom's mischief]
 94968 | Abyss:3  | Lost mutation: You have sharp fingernails. [Xom's mischief]
 95065 | Abyss:3  | Found a corrupted altar of Lugonu.
 95223 | Abyss:4  | XOM: confuse monster(s)
 95231 | Abyss:4  | Found a shimmering altar of Xom.
 95252 | Abyss:4  | XOM: silly message
 95276 | Abyss:4  | Found a shimmering altar of Xom.
 95344 | Abyss:4  | XOM: chaos cloud
 95356 | Abyss:4  | XOM: cleaving
 95422 | Abyss:4  | XOM: give mutations
 95422 | Abyss:4  | Gained mutation: You possess an exceptional clarity of
                  | mind. [Xom's grace]
 95422 | Abyss:4  | Lost mutation: You are dopey. (Int -2) [Xom's grace]
 95422 | Abyss:4  | Gained mutation: Your mind is acute. (Int +4, Str/Dex -1)
                  | [Xom's grace]
 95422 | Abyss:4  | Gained mutation: Your spells are harder to cast, but more
                  | powerful. [Xom's grace]
 95450 | Abyss:4  | XOM: stat loss: -1 Int (27/28)
 95465 | Abyss:4  | XOM: give mutations
 95465 | Abyss:4  | Lost mutation: You have supernaturally acute eyesight.
                  | (SInv) [Xom's mischief]
 95465 | Abyss:4  | Lost mutation: You have a pair of small horns on your head.
                  | [Xom's mischief]
 95465 | Abyss:4  | Lost mutation: You are extremely robust. (+30% HP) [Xom's
                  | mischief]
 95507 | Abyss:4  | XOM: enchant monster (good)
 95652 | Abyss:4  | XOM: divination: detect creatures
 95684 | Abyss:4  | XOM: summons friendly crimson imp
 95687 | Abyss:4  | XOM: polymorph large abomination -> large abomination
 95689 | Abyss:4  | Got an abyssal rune of Zot
 95701 | Abyss:4  | XOM: fog
 95707 | Abyss:4  | XOM: destruction
 95726 | Abyss:4  | XOM: cast spell 'Summon Dragon'
 95744 | Abyss:4  | Reached skill level 27 in Summonings
 95752 | Abyss:4  | XOM: fog
 95898 | Abyss:4  | XOM: enchant monster (good)
 95918 | Abyss:4  | XOM: polymorph large abomination -> large abomination
 95921 | Abyss:4  | XOM: cast spell 'Fugue of the Fallen'
 95981 | Depths:2 | Escaped the Abyss
 96036 | Depths:2 | XOM: stat loss: -1 Str (18/19)
 96153 | Coc:5    | XOM: god gift: ring mail {god gift}
 96207 | Coc:5    | XOM: summons 1 friendly demon
 96319 | Coc:5    | XOM: 4-stop teleportation journey
 96346 | Coc:5    | XOM: cast spell 'Death Channel'
 96513 | Coc:6    | Noticed a shard shrike
 96693 | Hell     | XOM: summons 8 hostile demons
 96793 | Coc:5    | XOM: cloud trail
 96799 | Coc:6    | Noticed a shard shrike
 96802 | Coc:6    | Killed a shard shrike
 96807 | Coc:6    | Killed a shard shrike
 96808 | Coc:6    | HP: 9/245 [titan/the air (37)]
 97036 | Coc:6    | XOM: summons 3 friendly demons
 97177 | Depths:2 | Voluntarily entered the Abyss.
 97228 | Abyss:4  | XOM: stat loss: -1 Str (14/15)
 97229 | Abyss:4  | XOM: fog
 97286 | Abyss:4  | XOM: summons 8 friendly demons
 97297 | Abyss:4  | XOM: summons 2 friendly demons
 97301 | Abyss:4  | XOM: summons friendly iron imp
 97331 | Depths:2 | Escaped the Abyss
 97577 | Zot:5    | Entered Level 5 of the Realm of Zot
 97587 | Zot:5    | XOM: chaos upgrade
 97598 | Zot:5    | XOM: noise
 97610 | Zot:5    | a white draconian stormcaller changed into a juggernaut
 97610 | Zot:5    | Noticed a juggernaut
 97610 | Zot:5    | XOM: polymorph white draconian stormcaller -> juggernaut
 97617 | Zot:5    | Killed a juggernaut
 97645 | Zot:5    | XOM: 2-stop teleportation journey
 97908 | Zot:5    | XOM: polymorph yellow draconian -> boulder beetle
 97919 | Zot:5    | XOM: polymorph tentacled monstrosity -> doom hound
 98018 | Zot:5    | XOM: scenery: create altars
 98507 | D:13     | XOM: cloud trail
 98681 | Tomb:1   | Entered Level 1 of the Tomb of the Ancients
 98787 | Tomb:1   | XOM: confuse monster(s)
 98879 | Tomb:1   | Noticed a royal mummy
 98890 | Tomb:1   | XOM: summons friendly iron imp
 98892 | Tomb:1   | Killed a royal mummy
 98925 | Tomb:1   | XOM: give mutation
 98925 | Tomb:1   | Lost mutation: You heal very quickly. [Xom's mischief]
 99468 | Tomb:1   | Noticed Boris
 99471 | Tomb:1   | XOM: butterfly on damage
 99474 | Tomb:1   | XOM: noise
 99477 | Tomb:1   | Killed Boris
 99766 | Tomb:2   | Noticed a royal mummy
 99770 | Tomb:2   | Noticed a royal mummy
 99773 | Tomb:2   | Noticed a royal mummy
 99774 | Tomb:2   | Noticed a royal mummy
 99776 | Tomb:2   | Noticed a royal mummy
 99782 | Tomb:2   | XOM: 1-stop teleportation journey
 99791 | Tomb:2   | Killed a royal mummy
 99792 | Tomb:2   | Identified the +0 pair of gloves "Nesin" {rElec Slay+2}
 99827 | Tomb:2   | Killed a royal mummy
 99851 | Tomb:2   | Killed a royal mummy
 99855 | Tomb:2   | Killed a royal mummy
100079 | Tomb:2   | XOM: divination: magic mapping
100083 | Tomb:2   | Killed a royal mummy
100228 | Tomb:2   | XOM: 2-stop teleportation journey
100234 | Tomb:2   | XOM: confuse monster(s)
100249 | Tomb:2   | XOM: smoke on damage
100267 | Tomb:2   | XOM: potion effect (brilliance)
100271 | Tomb:2   | XOM: divination: detect creatures
100712 | Tomb:1   | Noticed a royal mummy
100712 | Tomb:1   | Noticed a royal mummy
100712 | Tomb:1   | Noticed a royal mummy
100712 | Tomb:1   | Noticed a royal mummy
100715 | Tomb:1   | Killed a royal mummy
100715 | Tomb:1   | Noticed a royal mummy
100720 | Tomb:1   | XOM: cast spell 'Monstrous Menagerie'
100722 | Tomb:1   | Killed a royal mummy
100724 | Tomb:1   | XOM: enchant monster (good)
100727 | Tomb:1   | Killed a royal mummy
100732 | Tomb:1   | Killed a royal mummy
100737 | Tomb:1   | XOM: blink monster(s)
100739 | Tomb:1   | XOM: summons 1 hostile demon
100744 | Tomb:1   | Killed a royal mummy
100744 | Tomb:1   | HP: 7/247 [something (24)]
100784 | Tomb:1   | XOM: give mutations
100784 | Tomb:1   | Gained mutation: You are extremely robust. (+30% HP) [Xom's
                  | grace]
100784 | Tomb:1   | Gained mutation: You have very sharp teeth. [Xom's grace]
100944 | Tomb:1   | Noticed a royal mummy
100960 | Tomb:1   | Killed a royal mummy
100965 | Tomb:1   | Noticed a royal mummy
100965 | Tomb:1   | Noticed a royal mummy
100989 | Tomb:1   | XOM: noise
101033 | Tomb:1   | Killed a royal mummy
101036 | Tomb:1   | XOM: divination: magic mapping
101037 | Tomb:1   | XOM: enchant monster (bad)
101040 | Tomb:1   | XOM: enchant monster (good)
101044 | Tomb:1   | XOM: potion effect (attraction)
101046 | Tomb:1   | XOM: summons 3 hostile demons
101047 | Tomb:1   | XOM: silly message
101057 | Tomb:1   | Killed a royal mummy
101167 | Tomb:1   | Noticed a royal mummy
101179 | Tomb:1   | XOM: summons 2 hostile demons
101180 | Tomb:1   | Killed a royal mummy
101188 | Tomb:1   | XOM: silly message
101223 | Tomb:1   | Noticed a royal mummy
101224 | Tomb:1   | Noticed a royal mummy
101230 | Tomb:1   | XOM: give mutations
101230 | Tomb:1   | Lost mutation: You have very sharp teeth. [Xom's mischief]
101230 | Tomb:1   | Lost mutation: You passively map a small area around you.
                  | [Xom's mischief]
101239 | Tomb:1   | XOM: swap monsters
101241 | Tomb:1   | Killed a royal mummy
101243 | Tomb:1   | Killed a royal mummy
101243 | Tomb:1   | Killed by a royal mummy's death curse

Illustrated notes

Levels and vault maps discovered:
D:1:      minmay_arrival_radiant_lines, layout_loops_ring
D:2:      layout_loops_ring, nrook_loot_triangle, uniq_sigmund
D:3:      layout_basic, uniq_ijyb, uniq_terence
D:4:      layout_basic, minitemple, minmay_temple_entry_butterflies,
          portal_sewer_entry_f, nicolae_twisty_statue_hallways, uniq_duvessa,
          uniq_eustachio, uniq_pikel
D:5:      layout_basic, serial_shops, nicolae_shop_getting_attention,
          uniq_prince_ribbit1
D:6:      layout_basic, fedhas_bush_and_centaur_altar,
          grunt_dithmenos_smoke_and_mirrors, uniq_maggie
D:7:      layout_basic
D:8:      layout_gridville, gammafunk_temple_overflow_elements,
          nicolae_overflow_two_pavilions
D:9:      layout_rooms, lair_entry_dummy, erik_orc_1
D:10:     layout_cave_pods
D:11:     layout_roguey, serial_shops, nicolae_shop_just_a_little_nook,
          serial_library_hellmonk_room_c, amcnicky_mini_pool_small
D:12:     layout_cave_pods
D:13:     layout_basic, grunt_vaults_entry_tiered,
          nicolae_hepliaklqana_monster_ancestors, uniq_nessos
D:14:     layout_big_octagon, minmay_increasing_density, uniq_kirke,
          uniq_josephine
D:15:     gammafunk_depths_entry_grave, layout_basic, serial_shops,
          nicolae_shop_stone, dk_noncrumbling_2, st_stairs_9
Lair:1:   layout_gridlike
Lair:2:   beast_lair_carwin_large_3, layout_small_grid
Lair:3:   cheibrodos_lair_river_kwai, layout_regular_city,
          minmay_swamp_entry_worms, spider_nest_entry_web_field
Lair:4:   layout_small_grid, enter_volcano_4, uniq_rupert
Lair:5:   cheibrodos_lair_end_hotspot, layout_misc_corridors,
          minmay_slime_entry_oklob_enclosed, gauntlet_entry_generic
Swamp:1:  layout_basic_swamp, evilmike_swamp_ruin_house_2
Swamp:2:  layout_basic_swamp, hangedman_swamp_pad, swamp_pool_1_2,
          nicolae_swamp_necromancy_gone_wrong
Swamp:3:  layout_basic_swamp, hangedman_swamp_ruin_wall,
          nicolae_swamp_decorative_isthmus, infiniplex_staircase_pool
Swamp:4:  swamp_icy, layout_basic_swamp
Spider:1: layout_chambers, hive_lemuel
Spider:2: layout_spider_delve
Spider:3: layout_spider_delve, nicolae_spider_circle_web
Spider:4: hellmonk_spider_rune_bug_friends, hellmonk_deceptive_appearances
Slime:1:  layout_caves
Slime:2:  layout_caves
Slime:3:  layout_caves, dissolution_awaits
Slime:4:  layout_caves
Slime:5:  slime_pit_nicolae_jellycorners
Orc:1:    layout_diamond_mine, uniq_erolcha
Orc:2:    st_orc_pillars, layout_diamond_mine
Elf:1:    eino_elf_arrival_altar, layout_loops_corners, special_room
          [special_room_mythical_zoo], minmay_elf_sorcery, uniq_louise
Elf:2:    nicolae_elf_blades_crystal_corner, layout_geoelf_octagon,
          serial_shops, shop, portal_desolation_entry_garden
Elf:3:    minmay_elf_hall_four_x, layout_geoelf_castle, serial_shops, shop
Vaults:1: nicolae_vaults_tetromino_T_1, nicolae_vaults_specimen_jars, v_misc_2,
          nicolae_vaults_closet_pinwheel_2, nicolae_vaults_display_case,
          ontoclasm_vaults_decontamination, nicolae_vaults_closet_pinwheel_6,
          v_rooms_5, vaults_room_grid, nicolae_vaults_tetromino_Z_1,
          layout_vaults_quadrants, serial_shops, shop, uniq_asterion
Vaults:2: nicolae_vaults_trapezoid_lopsided_3, hangedman_vaults_capsules,
          nicolae_vaults_offset_grid_hallway_1,
          nicolae_vaults_network_periphery, nicolae_vaults_three_branches,
          vaults_dpeg_emergency_exit, vaults_room_fours,
          nicolae_vaults_storage_room_statues,
          nicolae_vaults_shipping_containers_1, serial_ice_m,
          nicolae_vaults_mini_display_case, nicolae_vaults_little_squares_2,
          layout_vaults_omnicross
Vaults:3: vaults_dpeg_spiral, minmay_crypt_entry_simple_round,
          vaults_mumra_hexcomb, nicolae_vaults_apartment_2,
          ontoclasm_vaults_shout, nicolae_vaults_rhombus_5,
          nicolae_vaults_apartment_1, nicolae_vaults_taking_the_gang_shopping,
          vaults_room_large_hall, nicolae_vaults_hexular_roomagon,
          layout_vaults_big_room
Vaults:4: nicolae_vaults_tetromino_Z_1, nicolae_vaults_what_the_h,
          ontoclasm_vaults_ring_square, nicolae_vaults_two_Ls,
          vaults_standard_mumra_enter_the_diamond, ontoclasm_vaults_ring_large,
          nicolae_vaults_shipping_containers_7, nicolae_vaults_hallways_thing,
          nicolae_vaults_little_squares_6, hangedman_vaults_impose,
          nicolae_vaults_storage_room_doors,
          nicolae_vaults_trapezoid_lopsided_2, nicolae_vaults_shelves_hall,
          v_misc_16, nicolae_vaults_tetromino_T_1, layout_vaults_omnibox
Vaults:5: serial_shops, uniq_boris, uniq_mara
Crypt:1:  layout_chaotic_city, nzn_ghost_randoct, grunt_crypt_arrival_webbed
Crypt:2:  layout_misc_corridors
Crypt:3:  church_of_pain_bobbens, layout_chaotic_city, feat_on_display,
          uniq_sojobo, uniq_jory, uniq_grunn
Tomb:1
Tomb:2
Depths:1: layout_forbidden_donut, gammafunk_ghost_necromancy, hell_entry,
          kennysheep_generic_room_5, grunt_megastairs_5, uniq_norris
Depths:2: minmay_bad_star, layout_cave_pools, enter_ziggurat_d, abyss_entry,
          grunt_hell_entry_dis_old, minmay_curled_crystal, pan_entry,
          serial_shops, shop, uniq_enchantress, uniq_josephina
Depths:3: minmay_the_grid_triangle_9x9_rhombus_full_mashed
          [minmay_the_grid_triangle_9x9_subtriangle,
          minmay_the_grid_triangle_9x9_odd_lines,
          minmay_the_grid_triangle_9x9_dagger,
          minmay_the_grid_triangle_9x9_from_above,
          minmay_the_grid_triangle_9x9_alien,
          minmay_the_grid_triangle_9x9_wacky_v,
          minmay_the_grid_triangle_9x9_swiss_cheese,
          minmay_the_grid_triangle_9x9_prize_center], layout_gridlike,
          pf_dread_powers_of_hell, abyss_entry, special_room
          [special_room_morgue], pan_entry, uniq_frederick
Depths:4: grunt_zot_entry_pinwheel, layout_gridlike, hellmouth_1,
          grunt_pan_entry_spiral, kennysheep_doodads, minmay_shop_grove
Hell
Dis:1:    layout_subdivisions, glass_columns_a
Dis:2:    layout_subdivisions
Dis:3:    layout_gridville
Dis:4:    layout_regular_city, nicolae_dis_metal_dragon_surprise
Geh:1:    layout_gehenna_pools_triple
Geh:2:    layout_gehenna_pools_triple
Geh:3:    layout_gehenna_pools_triple
Geh:4:    layout_gehenna_pools_basic
Geh:5:    layout_gehenna_lava_caves
Geh:6:    layout_gehenna_pools_box
Geh:7:    geh_grunt
Coc:1:    layout_ice_bergs
Coc:2:    layout_cocytus_water_paths
Coc:3:    layout_ice_bergs
Coc:4:    layout_cocytus_water_paths
Coc:5:    layout_ice_bergs
Coc:6:    layout_cocytus_delve
Tar:1:    layout_grid_maze, nicolae_tar_combstack
Tar:2:    layout_honeycomb
Tar:3:    layout_catacombs, nicolae_tar_honey_chapel
Tar:4:    layout_grid_maze
Tar:5:    layout_grid_maze
Tar:6:    layout_catacombs
Tar:7:    tar_mu [tar_mu_maze]
Zot:1:    layout_concentric_octagons, regret_index_zotdec_stipple_waver
Zot:2:    grunt_zot_stairs_faceoff, layout_basic, regret_index_zotdec_onion_hex,
          st_stairs_10
Zot:3:    kennysheep_bubbly, layout_gridlike, st_stairs_11
Zot:4:    regret_index_malice_mire, layout_gridlike
Zot:5:    layout_misc_corridors, hangedman_zot_decor_tridents,
          grunt_ministairs_10

Skill      XL: |  1  2  3  4  5  6  7  8  9 10 11 12 13 14 15 16 17 18 19 20 21 22 23 24 25 26 27 |
---------------+----------------------------------------------------------------------------------+-----
Long Blades    | 3 4 5 6 7 8 9 10 11 12 13 14 15 | 15.0
Armour         | 2 3 4 5 6 7 8 10 11 12 13 14 16 17 19 20 26 | 26.5
Dodging        | 3 4 5 6 7 8 9 11 12 13 14 15 16 26 | 26.5
Spellcasting   | 1 2 3 4 5 6 7 8 9 10 11 12 13 14 15 23 | 23.5
Conjurations   | 1 2 3 4 5 6 7 8 9 10 11 12 13 14 15 23 | 23.5
Hexes          | 1 2 3 4 5 6 7 8 9 10 11 12 13 14 15 23 | 23.5
Summonings     | 1 2 3 4 5 6 7 8 9 10 11 12 13 14 15 27 | 27.0
Necromancy     | 1 2 3 4 5 6 7 8 9 10 11 12 13 14 15 23 | 23.5
Translocations | 1 2 3 4 5 6 7 8 9 10 11 12 13 14 15 23 | 23.5
Fire Magic     | 1 2 3 4 5 6 7 8 9 10 11 12 13 14 15 23 | 23.5
Ice Magic      | 1 2 3 4 5 6 7 8 9 10 11 12 13 14 15 23 | 23.5
Air Magic      | 1 2 3 4 5 6 7 8 9 10 11 13 14 16 17 18 27 | 27.0
Earth Magic    | 1 2 3 4 5 6 7 8 9 10 11 12 13 14 15 23 | 23.5
Alchemy        | 1 2 3 4 5 6 7 8 9 10 11 12 13 14 15 23 | 23.5
Fighting       | 4 5 6 7 8 9 10 11 12 13 14 15 16 17 18 19 20 27 | 27.0
Evocations     | 1 3 4 5 7 8 9 |  9.3
Shields        | 1 4 6 8 9 10 11 12 13 14 22 | 22.1
Shapeshifting  | 2 4 5 7 8 9 10 12 13 | 13.9
Polearms       | 3 4 6 20 | 20.2

Action                     |  1- 3 |  4- 6 |  7- 9 | 10-12 | 13-15 | 16-18 | 19-21 | 22-24 | 25-27 || total
---------------------------+-------+-------+-------+-------+-------+-------+-------+-------+-------++-------
  Melee: Falchion          |   103 |    92 |   321 |   272 |       |       |       |       |       ||   788
         Headbutt          |     1 |    16 |    61 |   155 |   321 |   459 |   550 |   547 |  3488 ||  5598
         Punch             |     1 |     1 |     3 |    10 |     8 |       |       |       |       ||    23
         Long sword        |       |       |       |   287 |   281 |  1437 |  1534 |   153 |       ||  3692
         Scimitar          |       |       |       |       |   838 |       |       |       |       ||   838
         Lance             |       |       |       |       |       |       |    21 |       | 10620 || 10641
         Double sword      |       |       |       |       |       |       |       |  1379 |   830 ||  2209
         Bite              |       |       |       |       |       |       |       |       |    17 ||    17
   Cast: Airstrike         |       |       |       |    34 |    21 |     4 |     1 |     1 |   182 ||   243
         Fugue of the Fall |       |       |       |     5 |     8 |     2 |     6 |    17 |    85 ||   123
         Sigil of Binding  |       |       |       |     2 |       |       |       |       |       ||     2
         Borgnjor's Vile C |       |       |       |       |    12 |     9 |     4 |     4 |    22 ||    51
         Searing Ray       |       |       |       |       |     5 |     5 |       |       |       ||    10
         Death Channel     |       |       |       |       |       |       |     2 |     1 |       ||     3
         Bombard           |       |       |       |       |       |       |     1 |       |   370 ||   371
         Haunt             |       |       |       |       |       |       |       |       |    92 ||    92
         Discord           |       |       |       |       |       |       |       |       |    77 ||    77
         Summon Horrible T |       |       |       |       |       |       |       |       |    32 ||    32
         Summon Hydra      |       |       |       |       |       |       |       |       |     2 ||     2
  Evoke: Wand              |       |       |     2 |     1 |     5 |       |     1 |     3 |    27 ||    39
         Condenser vane    |       |       |       |       |       |       |       |       |     6 ||     6
         Phantom mirror    |       |       |       |       |       |       |       |       |     1 ||     1
    Use: Scroll            |       |       |     7 |     9 |     7 |     8 |    14 |    13 |    30 ||    88
         Potion            |       |       |       |       |     2 |       |     3 |     2 |    36 ||    43
   Stab: Petrified         |     1 |       |       |     4 |       |     6 |       |       |    12 ||    23
         Petrifying        |     1 |       |       |       |       |       |     1 |       |     4 ||     6
         Sleeping          |       |     3 |     8 |     2 |     1 |       |       |     2 |     1 ||    17
         Distracted        |       |       |       |     9 |     2 |     6 |     5 |     3 |    63 ||    88
         Paralysed         |       |       |       |     1 |       |     4 |     6 |       |    11 ||    22
         Confused          |       |       |       |     2 |     3 |     7 |    16 |     5 |    66 ||    99
         Invisible         |       |       |       |       |    47 |   102 |   105 |    35 |   220 ||   509
         Held in net/web   |       |       |       |       |       |     1 |       |       |       ||     1
         Betrayed ally     |       |       |       |       |       |       |     1 |       |     1 ||     2
 Armour: Leather armour    |    61 |    34 |   146 |       |       |       |       |       |       ||   241
         Steam dragon scal |       |       |    65 |   388 |   359 |   215 |   331 |   170 |       ||  1528
         Ice dragon scales |       |       |       |       |       |   354 |    39 |       |       ||   393
         Scale mail        |       |       |       |       |       |       |       |   342 |   627 ||   969
         Acid dragon scale |       |       |       |       |       |       |       |       |  1792 ||  1792
  Dodge: Dodged            |    83 |    61 |   518 |   947 |  1053 |  1273 |  1327 |  1051 |  6370 || 12683
  Block: Other             |       |       |       |   152 |   105 |       |       |       |       ||   257
         Kite shield       |       |       |       |       |   468 |  1505 |  1427 |  1595 | 10688 || 15683
         Reflection        |       |       |       |       |       |       |       |    10 |   199 ||   209

Table legend: (Time is in decaauts)
 A = Elapsed time spent in this place.
 B = Non-inter-level travel time spent in this place.
 C = Inter-level travel time spent in this place.
 D = Time resting spent in this place.
 E = Time spent auto-exploring this place.
 F = Levels seen in this place.
 G = Mean time per level.
                   A        B        C        D        E       F      G
               +--------+--------+--------+--------+--------+-----+--------+
         Total |  96670 |  87974 |   8696 |  16481 |  44250 | 138 |  700.5 |
       Dungeon |  22577 |  20668 |   1909 |   9323 |   8534 |  15 | 1505.1 |
          Lair |   5735 |   4979 |    756 |    155 |   3507 |   5 | 1147.0 |
         Swamp |   2784 |   2655 |    129 |    407 |   1511 |   4 |  696.0 |
   Spider Nest |   5224 |   4422 |    802 |    105 |   3175 |   4 | 1306.0 |
    Slime Pits |    985 |    985 |      0 |     30 |    406 |   5 |  197.0 |
  Orcish Mines |   1656 |   1409 |    247 |     80 |    688 |   2 |  828.0 |
   Elven Halls |   3920 |   3742 |    178 |    137 |   2366 |   3 | 1306.7 |
        Vaults |   8388 |   7591 |    797 |    937 |   4182 |   5 | 1677.6 |
         Crypt |   2710 |   2439 |    271 |     41 |   1524 |   3 |  903.3 |
          Tomb |   2402 |   2306 |     96 |    897 |    744 |   2 | 1201.0 |
        Depths |   6353 |   4779 |   1574 |    593 |   2318 |   4 | 1588.2 |
          Hell |   1678 |   1399 |    279 |    668 |    300 |   1 | 1678.0 |
           Dis |   1063 |   1040 |     23 |    231 |    592 |   4 |  265.8 |
       Gehenna |   4115 |   3896 |    219 |    645 |   2216 |   7 |  587.9 |
       Cocytus |   2152 |   1771 |    381 |    480 |    809 |   6 |  358.7 |
      Tartarus |   5800 |   5369 |    431 |   1073 |   3010 |   7 |  828.6 |
           Zot |   4885 |   4290 |    595 |      7 |   3051 |   5 |  977.0 |
         Abyss |   2091 |   2091 |      0 |    100 |    632 |   5 |  418.2 |
   Pandemonium |   9685 |   9685 |      0 |    433 |   3752 |  36 |  269.0 |
      Ziggurat |    500 |    500 |      0 |      0 |     62 |  11 |   45.5 |
         Sewer |    125 |    125 |      0 |      0 |     63 |   1 |  125.0 |
       Volcano |    373 |    373 |      0 |      0 |    176 |   1 |  373.0 |
    Desolation |    901 |    901 |      0 |     32 |    416 |   1 |  901.0 |
      Gauntlet |    557 |    557 |      0 |    103 |    214 |   1 |  557.0 |
               +--------+--------+--------+--------+--------+-----+--------+

Top non-repeatable levels by time:
     D:1: 8886 daAuts
   Tar:7: 3360 daAuts
Vaults:1: 2306 daAuts
Depths:2: 2151 daAuts
   Geh:7: 1831 daAuts
Vaults:2: 1740 daAuts
    Hell: 1678 daAuts
Vaults:4: 1661 daAuts
Depths:3: 1616 daAuts
Spider:2: 1594 daAuts
Depths:1: 1561 daAuts
  Tomb:1: 1527 daAuts
   Elf:3: 1503 daAuts
     D:2: 1461 daAuts
    D:13: 1448 daAuts
